Workbook

Sheet INDICE 2018
D4: UNIDAD DE SERVICIOS PENITENCIARIOS Y CARCELARIOS
D5: Oficina de Control Interno
D7: Informe de Evaluación de Dependencias
D8: VIGENCIA 2018

Sheet CONSOLIDADO
C1: UNIDAD DE SERVICIOS PENITENCIARIOS Y CARCELARIOS
C2: Oficina de Control Interno
C4: Informe de Evaluación de Dependencias
C5: VIGENCIA 2018
D7: CONSOLIDADO
D8: Dependencia | E8: Ejecución Plan de Acción 2018 | F8: Calificación
D9: Dirección General | E9: =+'DIRECCIÓN GENERAL'!F20 -> 0.83333333 | F9: =(E9/10)*100 -> 8.3333333
D10: Oficina de Planeación | E10: =PLANEACIÓN!$F$20 -> 0.906 | F10: =(E10/10)*100 -> 9.06
D11: Oficina Jurídica | E11: =JURIDICA!F20 -> 0.9922 | F11: =(E11/10)*100 -> 9.922
D12: Oficina Tecnología | E12: =TECNOLOGÍA!F23 -> 0.8875 | F12: =(E12/10)*100 -> 8.875
D13: Dirección Contractual | E13: 0.536 | F13: =(E13/10)*100 -> 5.36
D14: Dirección Logística | E14: 0.785 | F14: =(E14/10)*100 -> 7.85
D15: Dirección Infraestructura | E15: 0.472 | F15: =(E15/10)*100 -> 4.72
D16: Dirección Adtva y Financiera | E16: ='CONSOLIDADO DIAFIN'!F23 -> 0.67421429 | F16: =(E16/10)*100 -> 6.7421429
D17: Oficina de Control Interno | E17: ='CONTROL INTERNO'!E18 -> 0.96666667 | F17: =(E17/10)*100 -> 9.6666667
D18: PROMEDIO GENERAL | E18: =AVERAGE(E9:E17) -> 0.78365714 | F18: =AVERAGE(F9:F17) -> 7.8365714
C46: OBSERVACIONES GENERALES
C47: La Oficina de Control Interno realiza la evaluación de dependencias en atención a lo dispuesto en el Artículo 39 de la Ley 909 de 2004, el Decreto 1227 de abril 21 de 2005 y la Circular 04 de septiembre 27 de 2005 del Consejo Asesor del Gobierno Nacional en Materia de Control Interno. Así mismo, corresponde a lo establecido por la Comisión Nacional del Servicios Civil en su Acuerdo 565 de 2016 mediante el cual se establece que “Dar a conocer a los responsables de la Evaluación del Desempeño, el resultado de la Evaluación de Gestión por Áreas o Dependencias (…) (Artículo 8°, Numeral 4). Para la calificación del resultado de la evaluación por dependencias del que hace mención el Acuerdo 565 de 2016 de la CNSC (Artículo 17, Numeral 3) se estableció un sistema de puntuación que homologa el avance porcentual en el cumplimiento de los compromisos definidos en la planeación institucional en puntos de 1 a 10, dividiendo por 10. Como fuente de información principal se tomaron las metas propuestas en el plan de acción institucional de la vigencia 2018, los reportes de avance y ejecución del mismo plan y de indicadores de gestión consolidados por la Oficina de Planeación, informes de gestión de las dependencias, informes de auditorías y seguimientos realizados por la oficina de control interno. El promedio general de ejecución de metas del plan de acción se ubica en el 78,05%, incrementándose en 10,34 puntos frente al promedio obtenido en la vigencia 2017. Por dependencia es notable el avance en Dirección de Logística (25 puntos), Oficina Jurídica (17 puntos) y Oficina de Tecnología (12 puntos), al comparar los resultados de la vigencia 2018 frente a 2017. Sigue siendo necesaria la precisión en la definición de las metas (medibles, verificables y posibles) y la desagregación de metas por subdirecciones y grupos para facilitar su evaluación.

Sheet DIRECCIÓN GENERAL
B2: EVALUACIÓN DE GESTIÓN POR DEPENDENCIAS
B3: OFICINA DE CONTROL INTERNO
B4: VIGENCIA 2018
B6: 1. ENTIDAD: | F6: 2. DEPENDENCIA A EVALUAR:
B7: UNIDAD DE SERVICIOS PENITENCIARIOS Y CARCELARIOS | F7: DIRECCIÓN GENERAL
B8: 3. PROCESO
B9: EVALUACIÓN DE LA GESTIÓN INSTITUCIONAL
B10: 4. OBJETIVOS ESTRATÉGICOS RELACIONADOS CON LA DEPENDENCIA
B11: Fortalecer el proceso de investigación y generación de conocimiento para el mejoramiento del Sistema Penitenciario y Carcelario
B12: Generar confianza y reconocimiento por parte de los diferentes grupos de interés para asegurar el posicionamiento de la Entidad
B13: Vincular de manera activa a organizaciones nacionales e internacionales a través de gestión interinstitucional, con el fin de proporcionar recursos para el mejoramiento del Sistema Penitenciario y Carcelario
B14: 5. COMPROMISOS ASOCIADOS AL CUMPLIMIENTO DEL OBJETIVO INSTITUCIONAL | E14: 6. MEDICIÓN DE COMPROMISOS
E15: 6.1. INDICADOR | F15: 6.2. RESULTADO % | G15: 6.3. ANÁLISIS DE RESULTADO
B16: ESTRATEGIA | C16: ACCIONES PROGRAMADAS | D16: META 2018
B17: Dar continuidad al proceso de investigación y generación de conocimiento mediante la puesta en marcha de investigaciones pertinentes para la entidad | C17: Presentar ante el MIJ y el DNP la actualización del proyecto de inversión | D17: Actualizar el proyecto de inversión de Estudios e Investigaciones sobre el Sistema Penitenciario y Carcelario: Proyecto de inversión reformulado. | E17: Actualizar el proyecto de inversión de Estudios e Investigaciones sobre el Sistema Penitenciario y Carcelario | F17: 0.6 | G17: Ficha Código Bpin: 2015011000061 Nombre del Proyecto: ESTUDIOS E INVESTIGACIONES SOBRE EL SISTEMA PENITENCIARIO Y CARCELARIO EN EL ORDEN NACIONAL-[PREVIO CONCEPTO DNP] Objetivo: CONTAR CON INFORMACIÓN RELEVANTE, ACTUALIZADA Y CONFIABLE DEL SISTEMA PENITENCIARIO Y CARCELARIO QUE SOPORTE EL PROCESO DE TOMA DE DECISIONES. HORIZONTE. 2016 - 2018 Fecha Útima Modificación 2016-05-31 01:05:31 Resultados conexos: 1. Documento: Benchmarking De Buenas Prácticas Internacionales Para La Estructuración De Alianzas Público Privadas Para La Construcción, Operación Y Mantenimiento De Establecimientos De Reclusión. Anexo: Contexto Normativo Sobre el uso de Asociaciones Público Privadas, APP, para la construcción y adecuación de infraestructuras carcelarias 2. Presenatciòn Benchmarking internacional: Estructuración de APP en establecimientos carcelarios. marco normativo, Benchmarking funcional / estudios de caso comparados. Al verificar el Sistema de Seguimiento a Proyectos de Inversión SPI se observan solo dos proyectos de inversión registrados: Fortalecimiento de la gestión y dirección del Sector Justicia; y del Derecho y Sistema penitenciario y carcelario en el marco de los derechos humanos. En el marco del primer proyecto se observa un subproyecto: IMPLEMENTACIÓN DEL SISTEMA DE GESTIÓN DOCUMENTAL DE LA ENTIDAD Para el segundo proyecto se registran los siguientes subproyectos: • Construcción y ampliación de infraestructura para generación de cupos en los establecimientos de reclusión del orden nacional • Implementación del sistema de gestión de seguridad de la información en la ciudad de Bogotá • implementación de salas para la realización de audiencias virtuales en los establecimientos de reclusión del orden nacional • Fortalecimiento de la seguridad en los establecimientos de reclusión del orden nacional • Fortalecimiento de la infraestructura física en los Eron a cargo del Inpec No es claro si se realizó o no la reformulación del proyecto Sistema Penitenciario y Carcelario. En los reportes trimestrales de avance del Plan de Acción 2018 se incluye la meta hasta el tercer reporte (corte septiembre 30 de 2018) y no se registra avance. Si el proeycto fue cancelado, no se actualizó la meta del plan de acción 2018.
B18: Posicionar la imagen y la gestión de la Unidad en el entorno institucional y nacional | C18: Implementar el cronograma del Plan Estratégico de Comunicaciones. | D18: Actualizar y Desarrollar el Plan Estratégico de comunicaciones: Avance del cronograma del Plan Estratégico de Comunicaciones. | E18: Avance del cronograma del Plan Estratégico de Comunicaciones. | F18: 0.9 | G18: No fue presentado el Plan de Comunicaciones para la vigencia 2018. Se presentó un documento de Estrategias de Comunicaciones, pero no se evidencia su aprobación. No obstante, a lo largo de la vigencia se observan reportes del plan de acción (corte a tercer trimestre de 2018) como los siguientes. Realización del monitoreo de medios con un total de 62 noticias, 43 comunicados de prensa, 124 publicaciones en las Redes Sociales, 230 publicaciones internas. El 24 de Julio se realizó la Audiencia Pública de Rendición de Cuentas vigencia primer periodo 2018, publicado en la página web y redes sociales; diagramación y publicación del Informe de Rendición de Cuentas vigencia 2018.
B19: Promover la búsqueda de recursos financieros y no financieros a través de gestión interinstitucional | C19: Impulsar la estructuración de proyectos de infraestructura penitenciaria y carcelaria con vinculación de capital privado | D19: Estructurar un proyecto de infraestructura penitenciaria y carcelaria con vinculación de capital privado: Proyecto estructurado | E19: Proyecto con vinculación de capital privado estructurado | F19: 1 | G19: Resultados evidenciados: 1. Documento: Benchmarking De Buenas Prácticas Internacionales Para La Estructuración De Alianzas Público Privadas Para La Construcción, Operación Y Mantenimiento De Establecimientos De Reclusión. Anexo: Contexto Normativo Sobre el uso de Asociaciones Público Privadas, APP, para la construcción y adecuación de infraestructuras carcelarias 2. Presenatciòn Benchmarking internacional: Estructuración de APP en establecimientos carcelarios. marco normativo, Benchmarking funcional / estudios de caso comparados.
B20: PROMEDIO AVANCE METAS | F20: =AVERAGE(F17:F19) -> 0.83333333
B21: Calificación de la Evaluación de la Dependencia | F21: =(F20/10)*100 -> 8.3333333
B22: 7. EVALUACIÓN DE LA OFICINA DE CONTROL INTERNO A LOS COMPROMISOS DE LA DEPENDENCIA: Para la Evaluación de Dependencias se adoptó como referente: a) La planeación institucional enmarcada en la visión, misión y objetivos del organismo; definida en la USPEC en el Plan de Acción Anual. b) Los objetivos institucionales por dependencia y sus compromisos relacionados; c) Los resultados de la ejecución por dependencias, de acuerdo con lo programado en la planeación institucional, contenidos en los informes de seguimiento de las Oficinas de Planeación. Para la puntuación del resultado de la evaluación por dependencias del que hace mención el Acuerdo 565 de 2016 de la CNSC (Artículo 17, Numeral 3) se estableció un sistema de calificación que homologa el avance porcentual en el cumplimiento de los compromisos definidos en la planeación institucional en puntos de 1 a 10, dividiendo por 10. La calificación final de la dependencia es de 4,6 puntos
B23: 8. RECOMENDACIONES DE MEJORAMIENTO DE LA OFICINA DE CONTROL INTERNO:
B24: Se recomienda: Crear un grupo de trabajo para el desarrollo del proceso Comunicación Estratégica organizacional, que desarrolle su propio plan de acción. Entre estas, es importante la formulación y ejecución del plan de comunicaciones, pues las actividades desarrolladas no aparecen relacionadas ni articuladas a un ejercicio de planeación sino como acciones desarticuladas. Desde la Dirección General se pueden establecer acciones estratégicas relacionadas con la coordinación interinstitucional, los estudios sobre el sistema penitenciario y carcelario y los informes a los diferentes entes de control (político, fiscal, disciplinario, entre otros). Dada la condición especifica del Despacho de la Dirección como dependencia, se recomienda ajustar las acciones definidas teniendo en cuenta su rol de coordinación, supervisión o seguimiento de las acciones, programas y proyectos estratégicos de la Entidad. Definir la continuidad al proyecto Estudios e investigaciones sobre el sistema penitenciario y carcelario en el orden Nacional: plan de trabajo, cronograma, responsables, resultados esperados.
B25: 9. FECHA: Enero 31 de 2019
B26: 10. INFORME PRESENTADO POR: Oficina de Control Interno. | G26: JOSE JORGE ROCA MARTÍNEZ - Jefe Oficina de Control Interno
G27: Formato en prueba de uso

Sheet PLANEACIÓN
B2: EVALUACIÓN DE GESTIÓN POR DEPENDENCIAS
B3: OFICINA DE CONTROL INTERNO
B4: VIGENCIA 2018
B6: 1. ENTIDAD: | F6: 2. DEPENDENCIA A EVALUAR:
B7: UNIDAD DE SERVICIOS PENITENCIARIOS Y CARCELARIOS | F7: OFICINA ASESORA DE PLANEACIÓN
B8: 3. PROCESO
B9: EVALUACIÓN DE LA GESTIÓN INSTITUCIONAL
B10: 4. OBJETIVOS ESTRATÉGICOS RELACIONADOS CON LA DEPENDENCIA
B11: Generar confianza y reconocimiento por parte de los diferentes grupos de interés para asegurar el posicionamiento de la Entidad
B12: 5. COMPROMISOS ASOCIADOS AL CUMPLIMIENTO DEL OBJETIVO INSTITUCIONAL | E12: 6. MEDICIÓN DE COMPROMISOS
E13: 6.1. INDICADOR | F13: 6.2. RESULTADO % | G13: 6.3. ANÁLISIS DE RESULTADO
B14: ESTRATEGIA | C14: ACCIONES PROGRAMADAS | D14: META 2017
B15: Mantener y mejorar el Sistema Integrado de Gestión Institucional - SIGA - | C15: Realizar campañas de sensibilización y motivación para la apropiación del SIGA | D15: Realizar campañas de sensibilización y motivación para la apropiación del SIGA: Adelantar sensibilización para la operacionalización del SIGA al 50% de los funcionarios vinculados a la Entidad, con corte al 31 de enero de 2018 | E15: No. De funcionarios sensibilizados /No de funcionarios vinculados a la Entidad: | F15: 1 | G15: Reporte de OAPLA: Realización de 22 mesas de trabajo, para concienciar la importancia de los indicadores de Gestión y apoyar el proceso de reformulación, formular planes de mejoramiento enfocados en establecer correcciones que eliminen directamente las no conformidades y acciones correctivas y eliminar las causas de las mismas. Inducción a nuevos funcionarios. Capacitación enfocada en el funcionamiento del módulo de encuestas del sistema GEO, dando como resultado la sensibilización en temas del SIGA, para un acumulado a la fecha de 218 funcionarios, superando la meta establecida del 50% de los funcionarios. Se evidencian en las actas: No. 1472 de 30/04/2018, 1550 de 22/05/2018, 1570 de 23/05/2018,1687 de 22/06/2018, 1682 de 19/06/2018, 1710 de 25/06/2018, 1709 del 25/06/2018, 1714 de 29/06/2018, 1721 de 29/06/2018 y 1521 de 23/04/2018. Avance 25% del segundo trimestre, para un total de 50% con corte a junio 30 de 2018, 1953 de 05/09/2018, 1927 de 17/08/2018, 2037 de 19/08/2018, 1883 de 17/08/2018, 1933 de 31/08/2018, 1828 de 09/08/2018, 1824 de 08/08/2018, 1825 09/08/2018, 1826 09/08/2018, 1827 de 09/08/2018, 1845 de 14/08/2018, 1857 de 16/08/2018, 1940 de 06/09/2018 y lista de asistentes a Capacitación Módulo de Encuestas de 13/08/2018. Observaciones OCI: es necesario precisar si el conteo de funcionarios y/o contratistas que asistieron a las mesas de trabajo de indicadores y planes de mejoramiento y a las capacitaciones del sistema GEO suma de manera individualizada con cada capacitación, teniendo en cuenta que un funcionario o contratista pudo haber participado en las dos capacitaciones y no es claro si se sumó de uno o de dos en el conteo final. No se remitieron las actas señaladas.
B16: Mantener y mejorar el Sistema Integrado de Gestión Institucional - SIGA - | C16: Capacitar en temas relacionados con el Sistema de Gestión de Calidad | D16: Formar a 20 funcionarios vinculados a la Entidad como auditor líder en ISO 9001:2015 con acreditación Internacional | E16: No de auditores formados como auditor líder / total de auditores proyectados: | F16: 0.65 | G16: Reporte de OAPLA: Se realizó el curso de Auditor líder con acreditación internacional con la firma COTECNA. Se contó con la participación de 20 funcionarios, solo 13 aprobaron y se certificaron con Auditor Líder. La información se encuentra registrada en el acta No. 1679 del 22/06/2018. Avance 13 funcionarios formados de 20 propuestos, 65%, por falta de compromiso de los funcionarios citados en algunos casos con la no asistencia y en otros por la no autorización de los jefes inmediatos. Observaciones OCI: se verificó la realización del curso de formación y la certificación de los auditores líderes en ISO 9001:2015 reportado. meta 20 - Ejecución 13 auditores formados
B17: Implementar los controles que aseguren la confiabilidad, integridad y disponibilidad de la información institucional | C17: Adelantar las acciones pertinentes de seguimiento al Plan de Acción, Plan Operativo Anual de Inversión y a la ejecución presupuestal de los recursos apropiados | D17: Realizar el seguimiento periódico al Plan de Acción, Plan Operativo Anual de Inversión y a la ejecución presupuestal: 27 informes presentados y publicados. | E17: Informes realizados y publicados / Informes planteados para la vigencia | F17: 1 | G17: Reporte de OAPLA: Realización de los informes de seguimiento a la Ejecución Presupuestal publicados en el Link: https://www.uspec.gov.co/?page_id=5919. informes avances de ejecución de Proyectos de Inversión en el Link: https://www.uspec.gov.co/?page_id=5637. Informes de avance del Plan de Acción publicados en el Link: https://www.uspec.gov.co/?page_id=5358. Informes avance Plan Anticorrupción y Atención al Ciudadano y del Mapa de Riesgos de Corrupción, publicados en el Link: https://www.uspec.gov.co/?page_id=5358. En el segundo Trimestre 2018, se incluyeron los informes de Ejecución Presupuestal y de Proyectos de Inversión correspondientes al cierre de la vigencia 2017 Observaciones OCI: Se verifican los siguientes temas: Informes de seguimiento a la Ejecución Presupuestal publicados: 12 informes Informes de seguimiento a la Plan de Acción publicados: 6 informes Informes de seguimiento a la Ejecución Plan Operativo Anual de Inversión: 12 informes Total informes verificados en la pagina web institucional: 28 informes No se consideran los informes no relacionados en la metra programada.
B18: Mantener y mejorar el Sistema Integrado de Gestión Institucional - SIGA - | C18: Evaluar el Sistema Integrado de Gestión Institucional - SIGA | D18: Realizar una (1) auditoría con el fin de evaluar el Sistema Integrado de Gestión Institucional SIGA | E18: Auditorías desarrollada / Auditorías Programadas | F18: 1 | G18: Reporte de OAPLA: o En mayo se realizó la Auditoría Interna al SIGA con el propósito de revisar los 12 procesos que conforman el sistema, incluidos los subprocesos así como la revisión al plan de mejoramiento resultado de la auditoría 2016. El informe de auditoría se puede consultar en el siguiente link: https://www.uspec.gov.co/wp-content/uploads/2018/06/Informe-Auditoria-2018.pdf. Observaciones OCI: Se verifica publicación del informe final de auditoria de seguimiento al SGC.
B19: Implementar los controles que aseguren la confiabilidad, integridad y disponibilidad de la información institucional | C19: Desarrollar las actividades requeridas para la adopción del MIPG | D19: Implementar y adoptar el Modelo Integrado de Planeación y Gestión - MIPG | E19: Cumplimiento al Cronograma de actividades para la vigencia | F19: 0.88 | G19: Reporte de OAPLA: No se reporta información al respecto Observaciones OCI: se evidencian actividades relacionadas con la implementación del MIPG como: - Encuesta MIPG en el mes de mayo de 2018 - participación de funcionarios en curso MIPG desarrollado por la ESAP - Consolidación de la matriz de seguimiento del MIPG Se evidenció el cronograma programado pero éste no se presentó ante el Comité de Gestión y Desempeño Institucional y no fue socializado ampliamente. Se valoran las actividades realizadas con un 88% (15 de 17 actividades)
B20: PROMEDIO AVANCE METAS | F20: =AVERAGE(F15:F19) -> 0.906
B21: Calificación de la Evaluación de la Dependencia | F21: =(F20/10)*100 -> 9.06
B22: 7. EVALUACIÓN DE LA OFICINA DE CONTROL INTERNO A LOS COMPROMISOS DE LA DEPENDENCIA: Para la Evaluación de Dependencias se adoptó como referente: a) La planeación institucional enmarcada en la visión, misión y objetivos del organismo; definida en la USPEC en el Plan de Acción Anual. b) Los objetivos institucionales por dependencia y sus compromisos relacionados; c) Los resultados de la ejecución por dependencias, de acuerdo con lo programado en la planeación institucional, contenidos en los informes de seguimiento de las Oficinas de Planeación. Para la puntuación del resultado de la evaluación por dependencias del que hace mención el Acuerdo 565 de 2016 de la CNSC (Artículo 17, Numeral 3) se estableció un sistema de calificación que homologa el avance porcentual en el cumplimiento de los compromisos definidos en la planeación institucional en puntos de 1 a 10, dividiendo por 10. La calificación final de la dependencia es de 8.3 puntos
B23: 8. RECOMENDACIONES DE MEJORAMIENTO DE LA OFICINA DE CONTROL INTERNO:
B24: En la planeación de la vigencia 2019 es necesario incluir acciones relacionadas con la Dimensión: Direccionamiento Estratégico y Planeación de MIPG: - Documentación y desarrollo de la totalidad de la políticas de gestión institucional. La entidad debe completar y revisar la definición de las 17 políticas relacionadas en MIPG: 1. Planeación Institucional, 2. Gestión presupuestal y eficiencia del gasto público, 3. Talento humano, 4. Integridad, 5. Transparencia, acceso a la información pública y lucha contra la corrupción, 6. Fortalecimiento organizacional y simplificación de procesos, 7. Servicio al ciudadano, 8. Participación ciudadana en la gestión pública, 9. Racionalización de trámites, 10. Gestión documental 11. Gobierno digital, 12. Seguridad digital, 13. Defensa jurídica, 14. Gestión del conocimiento y la innovación, 15. Control interno, 16. Seguimiento y evaluación del desempeño institucional, 17. Mejora normativa. - Establecer y priorizar variables que permitan caracterizar (identificar, segmentar y reconocer) sus grupos de valor, las organizaciones sociales, ciudadanos y grupos de interesados, identificando especialmente, sus rasgos, preferencias de relacionamiento con la entidad, así como derechos, necesidades y problemas. - Diseñar mecanismos que promuevan la participación ciudadana en la planeación y haga explícita la forma en la que facilita y promueve la participación en las distintas fases del ciclo de la gestión pública sobre los asuntos de su competencia. - En la formulación de los diferentes planes de la entidad, considerar metas de largo plazo, tangibles, medibles, audaces y coherentes con los problemas y necesidades que deben atender o satisfacer, evitando proposiciones genéricas que no permitan su cuantificación y definiendo los posibles riesgos asociados al cumplimiento de las prioridades. - Formular acciones de acompañamiento a las dependencias para la formulación y ejecución de los mapas de riesgos de procesos.
B25: 9. FECHA: Enero 31 de 2019
B26: 10. INFORME PRESENTADO POR: Oficina de Control Interno. | G26: JOSE JORGE ROCA MARTÍNEZ - Jefe Oficina de Control Interno
G27: Formato en prueba de uso

Sheet JURIDICA
B2: EVALUACIÓN DE GESTIÓN POR DEPENDENCIAS
B3: OFICINA DE CONTROL INTERNO
B4: VIGENCIA 2018
B6: 1. ENTIDAD: | F6: 2. DEPENDENCIA A EVALUAR:
B7: UNIDAD DE SERVICIOS PENITENCIARIOS Y CARCELARIOS | F7: OFICINA ASESORA JURÍDICA
B8: 3. PROCESO
B9: GESTIÓN JURÍDICA
B10: 4. OBJETIVOS ESTRATÉGICOS RELACIONADOS CON LA DEPENDENCIA
B11: Generar confianza y reconocimiento por parte de los diferentes grupos de interés para asegurar el posicionamiento de la Entidad
B12: 5. COMPROMISOS ASOCIADOS AL CUMPLIMIENTO DEL OBJETIVO INSTITUCIONAL | E12: 6. MEDICIÓN DE COMPROMISOS
E13: 6.1. INDICADOR | F13: 6.2. RESULTADO % | G13: 6.3. ANÁLISIS DE RESULTADO
B14: ESTRATEGIA | C14: ACCIONES PROGRAMADAS | D14: META 2018
B15: Robustecer los mecanismos de Transparencia Institucional y de lucha contra la corrupción | C15: Crear, aprobar y socializar la política de prevención del daño antijurídico en la Entidad. | D15: Implementar la política de prevención de daño antijurídico de la entidad | E15: Actividades realizadas / total de actividades planeadas | F15: 1 | G15: La Política de prevención del daño antijurídico fue adoptada con Resolución 000869 del 26 de octubre de 2018. El documento que contiene la Política de prevención del daño antijurídico – se encuentra publicado en la página web www.uspec.gov.co - POLÍTICAS INSTITUCIONALES - Código: A2-PO-02 -Versión: 01 -Vigencia: 03/08/2018, cuyo objetivo es "Reducir la litigiosidad y las reclamaciones administrativas en contra de la Unidad de Servicios Penitenciarios y Carcelarios-USPEC, con el fin de contribuir a la disminución de demandas presentadas en contra de la entidad, en un mediano plazo, y así mismo, lograr mitigar los pagos realizados por concepto de sentencias y conciliaciones". La política de prevención del daño antijurídico y defensa de los intereses de la USPEC, es aplicable a todas las áreas y dependencias de la Entidad, quienes quedan vinculadas al compromiso de hacerla actuante y velar por su aplicación. La política de prevención del daño antijurídico fue objeto de reconocimiento especial por parte de la Agencia Nacional de Defensa Jurídica del Estado, en virtud a que la misma contribuirá a la reducción de la defensa de los derechos fundamentales y los recursos públicos de la nación. El cumplimiento de la meta es del cien por ciento (100%).
B16: Robustecer los mecanismos de Transparencia Institucional y de lucha contra la corrupción | C16: Representar judicial y extrajudicialmente a la entidad en los procesos y actuaciones que se instauren en su contra o que ésta deba promover, mediante poder o delegación, y supervisar el trámite de los mismos | D16: Contestar oportunamente las demandas notificadas en los términos establecidos por la ley | E16: Acciones y demandas contestadas dentro de los términos de ley/Acciones y demandas recibidas con vencimiento dentro del trimestre | F16: 1 | G16: Verificado el aplicativo eKOGUI, se evidencian 125 demandas admitidas en la vigencia 2018, en las que se encuentra vinculada la Unidad de Servicios Penitenciarios y Carcelarios, de las cuales se encuentran activos al 31 de diciembre de 2018, 123 procesos y dos fueron terminados en la vigencia. De los 125 procesos cuyas demandas fueron admitidas en la vigencia 2018, la entidad actúa en calidad de demandante en 4 procesos y en calidad de demandada en 121. Se evidenció que la entidad designó abogado para atender los asuntos litigiosos en los que se encuentra vinculada, sin incluir las acciones de tutela en contra de la entidad. De acuerdo con lo informado por la Oficina Asesora Jurídica mediante memorando I-2019-010715 del 25 de enero de 2019, en la vigencia 2018, se recibieron 5.077 acciones de tutelas, de las cuales 5.055 se contestaron dentro de los términos legales y las 22 restantes, se contestaron en términos en el mes de enero de 2019. La USPEC fue notificada de 170 autos de admisión de demandas, de los cuales se contestaron a tiempo 164 y las 6 demandas restantes, se respondieron en términos en enero de 2019. Al verificarse en eKOGUI, la contestación de demandas en los términos legales y/o asistencia de abogados de la entidad a las distintas etapas procesales y conforme a lo reportado por la Oficina Asesora Jurídica, el cumplimiento de la meta es del 100%.
B17: Robustecer los mecanismos de Transparencia Institucional y de lucha contra la corrupción | C17: Adelantar las actuaciones disciplinarias al interior de la Entidad, tanto de las remitidas por entes de control, como las generadas al interior de la Entidad de acuerdo a lo establecido en la Ley 734 de 2002. | D17: Investigar todas las conductas disciplinarias en contra de los servidores públicos de la Entidad, garantizando la buena marcha de la gestión pública bajo los principios de la ley 734 de 2002 | E17: Autos inhibitorios de indagación preliminar y/o de apertura de investigación disciplinaria emitidos durante el trimestre / Quejas radicadas en el trimestre | F17: 1 | G17: De acuerdo con lo informado por la Oficina Asesora Jurídica mediante memorando I-2019-010715 del 25 de enero de 2019, en la vigencia 2018, se recibieron 33 informes que colocaban en conocimiento conductas con posible incidencia disciplinaria, de las cuales se dio apertura a 30 investigaciones disciplinarias, 16 de los cuales se encuentran en etapa de indagación preliminar y 14 investigaciones disciplinarias y 3 informes concluyeron con auto inhibitorio. El cumplimiento de la meta es del 100%.
B18: Robustecer los mecanismos de Transparencia Institucional y de lucha contra la corrupción | C18: Responder los derechos de petición de manera oportuna completa y de fondo | D18: Lograr una comunicación fluida y eficaz entre la USPEC, sus diferentes dependencias y los particulares, en relación con los derechos de petición de competencia de la Oficina Asesora Jurídica. | E18: Derechos de petición contestados dentro de términos de ley/Derechos de petición recibidos con vencimiento dentro del trimestre | F18: 1 | G18: De acuerdo con lo informado por la Oficina Asesora Jurídica mediante memorando I-2019-010715 del 25 de enero de 2019, en la vigencia 2018, se recibieron 257 derechos de petición, los cuales 253 se respondieron dentro del término legal de la vigencia y 4 se respondieron en tiempo en enero de 2019. La valoración de la meta se hace teniendo en cuenta los derechos de petición de competencia funcional de la Oficina Asesora Jurídica. La anterior precisión se hace teniendo en cuenta que a partir del 12 de octubre de 2018, la OAJ asumió la coordinación de las respuestas institucionales a las PQRDS que ingresen a la entidad, de conformidad con lo establecido en la Circular interna No. 19, suscrita por la Directora General de la entidad, precisión que hace el área en el memorando antes citado. El cumplimiento de la meta es del 100%.
B19: Robustecer los mecanismos de Transparencia Institucional y de lucha contra la corrupción | C19: Investigación y emisión de conceptos de manera oportuna y con un criterio netamente jurídico | D19: Generar lineamientos jurídicos claros, para que las diferentes áreas de la entidad tengan un criterio unificado | E19: Conceptos emitidos oportunamente/Solicitud de emisión de conceptos con vencimiento dentro del trimestre | F19: 0.961 | G19: De acuerdo con lo informado por la Oficina Asesora Jurídica mediante memorando I-2019-010715 del 25 de enero de 2019, en la vigencia 2018, se recibieron 26 solicitudes para rendir concepto, de los cuales quedó pendiente un (1) concepto por rendir a la espera de una respuesta a una solicitud de la entidad al Ministerio de Trabajo, y otro en termino para responder en la vigencia 2019. El cumplimiento de la meta es del 96.1%.
B20: PROMEDIO AVANCE METAS | F20: =AVERAGE(F15:F19) -> 0.9922
B21: Calificación de la Evaluación de la Dependencia | F21: =(F20/10)*100 -> 9.922
B22: 7. EVALUACIÓN DE LA OFICINA DE CONTROL INTERNO A LOS COMPROMISOS DE LA DEPENDENCIA: Las metas propuestas por la Oficina Asesora Jurídica para vigencia 2018, se cumplieron en noventa y nueve punto dos por ciento (99.2%), lo que indica un promedio alto de respuesta a sus propósitos anuales, esto es, la gestión fue altamente eficaz y eficiente. Haciendo el comparativo entre los indicadores institucionales y los resultados obtenidos en la vigencia 2018, la evaluación arroja los siguientes resultados por meta, así: Meta 1 - Implementar la política de prevención de daño antijurídico de la entidad (cumplimiento del 100%). Esta meta no fue incluida en la matriz institucional de indicadores de gestión. Meta 2: Contestar oportunamente las demandas notificadas en los términos establecidos por la ley (Cumplimiento del 100%), se ubica en rango de gestión alto, lo que indica una gestión altamente eficaz. Meta 3: Investigar todas las conductas disciplinarias en contra de los servidores públicos de la Entidad, garantizando la buena marcha de la gestión pública bajo los principios de la ley 734 de 2002 (cumplimiento del 100%), se ubica en rango de gestión alto, es decir, una gestión altamente eficaz. Meta 4: Lograr una comunicación fluida y eficaz entre la USPEC, sus diferentes dependencias y los particulares, en relación con los derechos de petición de competencia de la Oficina Asesora Jurídica. (Cumplimiento 100%), se ubica en rango de gestión alto, equivalente a una gestión altamente eficiente. Meta 5: Generar lineamientos jurídicos claros, para que las diferentes áreas de la entidad tengan un criterio unificado (cumplimiento 99.2%), se ubica en rango de gestión alto, esto es, la gestión fue altamente eficiente.
B23: Para la Evaluación de Dependencias se adoptó como referente: a) La planeación institucional enmarcada en la visión, misión y objetivos del organismo; definida en la USPEC en el Plan de Acción Anual. b) Los objetivos institucionales por dependencia y sus compromisos relacionados; c) Los resultados de la ejecución por dependencias, de acuerdo con lo programado en la planeación institucional, contenidos en los informes de seguimiento de las Oficinas de Planeación. Para la puntuación del resultado de la evaluación por dependencias del que hace mención el Acuerdo 565 de 2016 de la CNSC (Artículo 17, Numeral 3) se estableció un sistema de calificación que homologa el avance porcentual en el cumplimiento de los compromisos definidos en la planeación institucional en puntos de 1 a 10, dividiendo por 10.
B24: 8. RECOMENDACIONES DE MEJORAMIENTO DE LA OFICINA DE CONTROL INTERNO:
B25: A partir del desempeño histórico de la gestión de la dependencia, se recomienda formular metas que conlleven al fortalecimiento del proceso de gestión jurídica de la entidad, que sean de utilidad para la toma de decisiones y mejora de la gestión, verificables y con indicadores que permitan su medición y evaluación técnica.
B26: 9. FECHA: Enero 31 de 2019
B27: 10. INFORME PRESENTADO POR: Oficina de Control Interno. | G27: JOSE JORGE ROCA MARTÍNEZ - Jefe Oficina de Control Interno
G28: Formato en prueba de uso

Sheet TECNOLOGÍA
B2: EVALUACIÓN DE GESTIÓN POR DEPENDENCIAS
B3: OFICINA DE CONTROL INTERNO
B4: VIGENCIA 2018
B6: 1. ENTIDAD: | F6: 2. DEPENDENCIA A EVALUAR:
B7: Unidad de Servicios Penitenciarios y Carcelarios | F7: Oficina de Tecnología
B8: 3. PROCESOS
B9: Gestión de las Tecnologías de la Información
B11: 4. OBJETIVOS ESTRATÉGICOS RELACIONADOS CON LA DEPENDENCIA
B12: 1. Objetivo estratégico: Generar confianza y reconocimiento por parte de los diferentes grupos de interés para asegurar el posicionamiento de la Entidad 2. Objetivo estratégico: Consolidar la cultura de calidad dentro de la institución mediante la interiorización y apropiación del SIGI, con el fin de atender con efectividad las necesidades del cliente institucional
B14: 5. COMPROMISOS ASOCIADOS AL CUMPLIMIENTO DEL OBJETIVO INSTITUCIONAL | E14: 6. MEDICIÓN DE COMPROMISOS
E15: 6.1. INDICADOR | F15: 6.2. RESULTADO % | G15: 6.3. ANÁLISIS DE RESULTADO
B16: ESTRATEGIA | C16: ACCIONES PROGRAMADAS | D16: META 2017
B17: Robustecer los mecanismos de Transparencia Institucional y de lucha contra la corrupción | C17: Mesas de trabajo internas para determinar el estado actual de la infraestructura tecnológica para desarrollar el plan de transición del protocolo IPV4 a IPV6. | D17: Establecer la guía de transición e implementación del protocolo IPv4 a IPv6 (MSPI) | E17: Documento guía de implementación del protocolo IPV6 | F17: 0.9 | G17: Política de Gestión y Desempeño Institucional: Gobierno Digital Oficina de Tecnología: Primer Trimestre: Oficina de Tecnología: Avance 1° Trimestre 25.00%. Se realizaron reuniones internas para el avance del diagnóstico y de acuerdo a estas reuniones se genera un cronograma el cual especifica las actividades del proyecto. Oficina de Tecnología: Avance 2° Trimestre: 25,00%. Se tiene el inventario de los activos con que cuenta la Unidad para verificación y evaluación de compatibilidad en el proceso de planeación para la transición de IPv4 a IPv6. Oficina de Tecnología: Avance 3°Trimestre: 25,00%. Acumulado 75,00%. Se verificó la compatibilidad de los componentes del inventario de activos para continuar en el proceso de planeación para la transición de IPv4 a IPv6 Análisis de Control Interno No se cuenta con actas de las reuniones internas, revisando en la página no esta publicado como guía, se solicito los correos enviados a planeación para mirar la trazabilidad del diagnostico con la Guía de Transición de implementación del protocolo IPv4 a IPV6 pero solo enviaron los borradores de la Meta 1 y la Planeación del 4 Trimestre. Se cuenta con el documento guía enviado en soportes Plan de Acción, Se cuenta con el inventario de todos los activos informáticos Clientes delgados, equipos de escritorio, Aplicativos, Servidores, Además realizaron . Además se recomienda seguimiento de la meta planificada.
B18: Robustecer los mecanismos de Transparencia Institucional y de lucha contra la corrupción | C18: Mesas de trabajado para la actualización del plan estratégico de tecnologías de información | D18: Actualizar el plan estratégico de tecnologías de información alineado con el marco de referencia de arquitectura empresarial | E18: Plan Estratégico de tecnologías de información | F18: 0.8 | G18: Oficina de Tecnología: Avance 1° Trimestre 0.00%. Teniendo en cuenta la actualización solicitada al Plan de Acción, no se desarrollaron actividades durante el primer trimestre. Se tiene previsto dar inicio a estas actividades a partir del segundo trimestre. Oficina de Tecnología: Avance 2° Trimestre: 25,00%. En el periodo reportado la OTEC se encuentra consolidando la información asociada para la definición del As IS (o estado actual). Al respecto se destaca el hecho que la versión aprobada del PETI abarca las vigencias 2015 al 2016. Oficina de Tecnología: Avance 3° Trimestre: 15,00%. Acumulado 30,00%. Se continúa con la estructuración y consolidación del PETI, en lo relacionado con la definición del estado actual (As Is). Se tiene previsto adelantar mesas de trabajo con las áreas misionales de tal forma que se incluya una evaluación de su estado tecnológico actual. Es importante indicar que se está a la espera de las decisiones tecnológicas que establezca el Ministerio de Justicia. Análisis de Control Interno El resultado obtenido está relacionado con lo establecido en el Plan Estratégico de Tecnologías de la Información y Comunicaciones, (PETI), que se definió en la vigencia 2014, lo cual marcó la estrategia tecnológica de la entidad hasta la vigencia 2018. Aunado a lo anterior, el presente análisis busca el cumplimiento del PETI desde (2014 – 2018), donde se verifica la línea de tiempo que para el 2014, fue Aprobado, 2015 - 2016, no fue evaluado y para 2017 - 2018, se encuentra sin evaluar pero se esta ajustando, soportando el documento enviado en la carpeta soportes Plan de Acción. En las vigencias 2014-2015 y 2015-2016, no se contempló en el alcance y perspectiva lo relacionado con el Uso y Apropiación de la Tecnología, Sistemas de Información, Servicios Tecnológicos, Gestión de la Información, Gobierno de TI y un Análisis Financiero. ANÁLISIS SITUACIONAL PRODUCTO Documento de Análisis Situacional Estrategia de TI <<No se cumplió, 0%>> Uso y Apropiación de TI <<No se cumplió, 0%>> Sistemas de Información <<No se cumplió, 5%>> Servicios Tecnológicos <<No se cumplió, 5%>> Gestión de Información <<No se cumplió, 0%>> Gobierno de TI <<No se cumplió, 0%>> Análisis Financiero <No se cumplió, 0%>> AVANCE POR FASE 10% ANÁLISIS DEL MODELO OPERATIVO, DESARROLLO DE LA ESTRATEGIA TI, MODELO DE PLANEACIÓN, DIFUSIÓN = 0% Se recomienda, brindará asesoría y acompañamiento en lo relacionado con la parte técnica y operativa para que se logra el punto 9 Planteado en el documento PETI Iniciativas a ser consideradas en la formulación del PETI 2018 - 2022.
B19: Implementar los controles que aseguren la confiabilidad, integridad y disponibilidad de la información institucional | C19: Mesas de trabajo para la definición del plan de seguridad y privacidad de la información | D19: Definir el plan de seguridad y privacidad de la información | E19: Plan de seguridad y privacidad de información | F19: 0.85 | G19: Política de Gestión y Desempeño Institucional: Seguridad Digital Oficina de Tecnología: Avance 1° Trimestre 0.00% No se realizo el Plan de Seguridad en este Trimestre. Oficina de Tecnología: Avance 2° Trimestre: 30,00%. De acuerdo al cronograma establecido se definió la versión inicial del Plan de Seguridad y privacidad de Información. Oficina de Tecnología: Avance 3° Trimestre: 70,00%. Acumulado 100,00%. En agosto se solicitó aprobación del Plan de Seguridad de Información por parte del Comité Institucional de Gestión y Desempeño, aprobación según sesión virtual del mismo comité mediante Acta N. 1872 de Agosto 22. El Acta original encuentra en custodia en la Oficina Asesora de Planeación. Se adjunta el Plan de seguridad de información aprobado y el historial de correos del comité virtual. Al corte del 3 trimestre se cumplió con el 100% de la actividad. Adjuntan copia del Plan de Seguridad y Privacidad de la Información. Actividad cumplida en su totalidad. Análisis de Control Interno Para el primer trimestre no se programaron actividades para el cumplimiento de esta meta. No se evidencia cronograma. En la definición del Plan de Seguridad y privacidad de la información se cuenta con el documento adjuntado en la carpeta soportes Plan de Acción OTEC, además se adjunta correo con detalles del comité institucional de gestión del desempeños adjunta el acta 1872. Donde El día 21 de Agosto de 2018, siendo las 16:00 horas, el Ingeniero Gustavo Camelo, secretario del Comité Institucional de Gestión y Desempeño, cita a Sesión Virtual a los integrantes, con el fin de someter a aprobación el Plan de Seguridad y Privacidad de la Información, de la Oficina de Tecnología y la reformulación de algunas actividades del Plan de Acción 2018, de acuerdo a solicitudes enviadas por las Direcciones de Infraestructura y de Logística. Igualmente comparte el proyecto del citado Plan, con el fin de que se generen los comentarios y observaciones correspondientes antes de la sesión del Comité; dirigidos al Jefe de la Oficina de Tecnología. La guía no se encuentra aprobada y publicada en SIGI por lo tanto se considera que la elaboración de la Guía tiene un avance del 85%
B20: Implementar los controles que aseguren la confiabilidad, integridad y disponibilidad de la información institucional | C20: Gestionar la contratación del personal para la elaboración del plan de tratamiento de riesgos de seguridad de información de la entidad | D20: Definición del plan de tratamiento de riesgos de seguridad de información | E20: Estudios previos para contratar el personal que elaborará el plan de tratamiento de riesgos de seguridad de información | F20: 1 | G20: Oficina de Tecnología: Avance 1° Trimestre: 0.00%. Teniendo en cuenta la actualización solicitada al plan de acción, no se desarrollaron actividades durante el primer trimestre. Se tiene previsto dar inicio a estas actividades a partir del segundo trimestre. Oficina de Tecnología: Avance 2° Trimestre: 100,00%. La Oficina de Tecnología realizó la elaboración de los estudios previos para la contratación de la consultoría de implementación de Sistema de Gestión de Seguridad de la Información, mediante el cual se realizará el plan de tratamiento de riegos de seguridad de la información para la entidad. Estos fueron radicados en Dirección Contractual y fueron publicados en la plataforma SECOP II. Análisis de Control Interno Se envían memorandos 6116 Estudios previos Implementación tercera fase SGSI, y se envía memorando 7212 Estudios previos Tercera fase de SGSI. Se realiza el estudio de los documentos enviados donde realizan la contratación de la consultoría que les ayuda con el plan de tratamiento de riesgos y anexan la matriz en la carpeta de soportes Plan de Acción OTEC.
B23: PROMEDIO AVANCE METAS | F23: =AVERAGE(F17:F20) -> 0.8875
B24: Calificación de la Evaluación de la Dependencia | F24: =(F23/10)*100 -> 8.875
B25: 7. EVALUACIÓN DE LA OFICINA DE CONTROL INTERNO A LOS COMPROMISOS DE LA DEPENDENCIA: La Oficina de Control Interno realizó la evaluación de la Oficina de Tecnología teniendo en cuenta la aplicación y formulación de los indicadores de gestión y resultado diseñados por las áreas para la vigencia 2018. Se debe considerar que la OCI se podrá apartar de las calificaciones o resultados consolidados por la Oficina Asesora de Planeación en su seguimiento a los planes, programas y proyectos, como consecuencia de la verificación que realiza la OCI en los seguimientos a la gestión institucional. La oficina de tecnología definió para su plan estratégico 2018, compromisos asociados al cumplimiento de procesos de apoyo y objetivos institucionales. 1. Objetivo estratégico: Generar confianza y reconocimiento por parte de los diferentes grupos de interés para asegurar el posicionamiento de la Entidad: Meta 1: Establecer la guía de transición e implementación del protocolo IPv4 a IPv6 (MSPI): "Verificar actas de las reuniones y cronograma que se estableció para el proyecto" Publicación en SGSI los responsables del proceso, Documentos soporte de inventario de activos Meta 2: Iniciar la Implementación un esquema de arquitectura empresarial para la USPEC (Arquitecto empresarial): No se desarrollaron actividades durante el primer trimestre, Mostrar estado anterior y avances realizados. 2. Objetivo estratégico: Consolidar la cultura de calidad dentro de la institución mediante la interiorización y apropiación del SIGI, con el fin de atender con efectividad las necesidades del cliente institucional Meta 1: Desarrollar el cronograma del proceso de implementación del SGSI: No se realizó el plan de seguridad en este trimestre, Verificar cronograma para los tiempos y medidas determinadas, No está bien diligenciada la planeación de acuerdo a los porcentajes en el 4 trimestre se hubieran presentado de tal forma que se igualen los porcentajes cumpliendo con la totalidad de la implementación en el Plan estratégico. Meta 2: Definición del plan de tratamiento de riesgos de seguridad de información: Soportes de los estudios previos y número de radicado en dirección contractual, No está bien diligenciada la planeación de acuerdo a los porcentajes. Cabe descartar que las metas establecidas por la oficina de tecnología para su plan estratégico 2018, En cuanto a las actividades se desarrollaron algunas tales como pero se reitera que no se da cumplimiento dentro del periodo programado si embargo el acumulado de la vigencia 2018 se llega al porcentaje. 100% Guía IPV4 a IPV6, 30% PETI, 100% Seguridad y Privacidad de la Información, 100% Plan de Tratamiento de Riesgos de la Seguridad de la información
B26: La Oficina de Control Interno realiza la evaluación de dependencias en atención a lo dispuesto en el Artículo 39 de la Ley 909 de 2004, el Decreto 1227 de abril 21 de 2005 y la Circular 04 de septiembre 27 de 2005 del Consejo Asesor del Gobierno Nacional en Materia de Control Interno. Así mismo, corresponde a lo establecido por la Comisión Nacional del Servicios Civil en su Acuerdo 565 de 2016 mediante el cual se establece que “Dar a conocer a los responsables de la Evaluación del Desempeño, el resultado de la Evaluación de Gestión por Áreas o Dependencias (…) (Artículo 8°, Numeral 4). Para la Evaluación de Dependencias se adoptó como referente: a) La planeación institucional enmarcada en la visión, misión y objetivos del organismo; definida en la USPEC en el Plan de Acción Anual. b) Los objetivos institucionales por dependencia y sus compromisos relacionados; c) Los resultados de la ejecución por dependencias, de acuerdo con lo programado en la planeación institucional, contenidos en los informes de seguimiento de las Oficinas de Planeación. Para la puntuación del resultado de la evaluación por dependencias del que hace mención el Acuerdo 565 de 2016 de la CNSC (Artículo 17, Numeral 3) se estableció un sistema de calificación que homologa el avance porcentual en el cumplimiento de los compromisos definidos en la planeación institucional en puntos de 1 a 10, dividiendo por 10.
B27: 8. RECOMENDACIONES DE MEJORAMIENTO DE LA OFICINA DE CONTROL INTERNO:
B28: 1. Verificar que se cuenten con las actas de reuniones internas para dar seguimientos al cronograma estructurado para las acciones de la oficina de Tecnología. 2. Desarrollar las actividades en los trimestres programados. 3. Mantener documentación y radicados de todos los estudiaos generados por el área de Tecnología. 4. Comprometer a todos los funcionarios del área en cuanto al desarrollo y avances del Plan estratégico de tecnologías de información, pues bien se ha trabajado aun no superan el 50 %. 5. Para que lo procedimientos tengan validez de los documentos, las guías utilizadas por los funcionarios de la entidad deben de estar aprobados y publicados en SIGI. 6. Inlcuir en la planeación de la vigencia 2019, el desarrollo del sistema de gestión de seguridad de la información.
B29: 9. FECHA: 23/01/2019
B30: 10. INFORME PRESENTADO POR: Oficina de Control Interno. | G30: JOSE JORGE ROCA MARTINEZ - Jefe Oficina de Control Interno
G31: Formato en prueba de uso

Sheet DIRECCIÓN CONTRACTUAL
B2: EVALUACIÓN DE GESTIÓN POR DEPENDENCIAS
B3: OFICINA DE CONTROL INTERNO
B4: VIGENCIA 2018
B6: 1. ENTIDAD: | F6: 2. DEPENDENCIA A EVALUAR:
B7: UNIDAD DE SERVICIOS PENITENCIARIOS Y CARCELARIOS | F7: DIRECCIÓN DE GESTIÓN CONTRACTUAL
B8: 3. PROCESO
B9: GESTIÓN CONTRACTUAL
B10: 4. OBJETIVOS ESTRATÉGICOS RELACIONADOS CON LA DEPENDENCIA
B11: Proveer bienes y servicios para contribuir al mejoramiento de las condiciones de habitabilidad y bienestar de la población privada de la libertad
B12: Generar confianza y reconocimiento por parte de los diferentes grupos de interés para asegurar el posicionamiento de la Entidad
B13: Consolidar la cultura de calidad dentro de la institución mediante la interiorización y apropiación del SIGI, con el fin de atender con efectividad las necesidades del cliente institucional
B14: 5. COMPROMISOS ASOCIADOS AL CUMPLIMIENTO DEL OBJETIVO INSTITUCIONAL | E14: 6. MEDICIÓN DE COMPROMISOS
E15: 6.1. INDICADOR | F15: 6.2. RESULTADO % | G15: 6.3. ANÁLISIS DE RESULTADO
B16: ESTRATEGIA | C16: ACCIONES PROGRAMADAS | D16: META 2017
B17: Implementar los controles que aseguren la confiabilidad, integridad y disponibilidad de la información institucional | C17: Seguimiento mensual a los compromisos adquiridos por las áreas ejecutoras en materia contractual en el Plan de Adquisiciones | D17: Realizar seguimiento permanente al Plan de Adquisiciones | E17: N° de procesos en curso/ N° de procesos propuestos | F17: 0.7909 | G17: La entidad programó en el Plan Anual de Adquisiciones 287 contratos para la vigencia 2018, con un presupuesto de $395.084.199.928. Es de anotar que el PAA tuvo veintitrés (23) actualizaciones durante la vigencia, siendo la última el veintiuno (21) de diciembre de 2018. En el año 2018, se suscribieron 227 contratos y un convenio específico derivado que no cuenta con el consecutivo de la numeración, por lo que no se tendrá en cuenta en la evaluación. Para el porcentaje de cumplimiento de la meta, se tomara como referente los doscientos ochenta y siete (287) contratos programados en el Plan Anual de Adquisiciones frente a los doscientos veintisiete (227) contratos suscritos en la vigencia. Se precisa que la numeración de contratos fue de doscientos treinta y seis (236) contratos, siendo anulados nueve (9). En este orden, se evidenció que fueron programados 287 contratos para la vigencia 2018, de los cuales se contrataron 227, para un porcentaje de cumplimiento del 79.09%.
B18: Implementar los controles que aseguren la confiabilidad, integridad y disponibilidad de la información institucional | C18: Mantener actualizada la documentación del proceso de Gestión Contractual | D18: Actualizar y modificar diez (10) procedimientos y dos (2) manuales del proceso de Gestión Contractual | E18: No. de Procedimientos y manuales actualizados/ No. de documentos a actualizar | F18: 0.1 | G18: La Dirección de Gestión Contractual cuenta con dos (2) manuales y doce (12) procedimientos. De la revisión realizada al SIGI, se evidenció que en la vigencia 2018, se actualizó el Manual de Supervisión e Interventoría - Código: M3-MA-02 Versión: 03 Vigencia: 19/07/2018, el cual fue adoptado mediante Resolución 559 del 31 de Julio de 2018. El Manual de Contratación y los 12 procedimientos que regulan las distintas modalidades de selección no fueron actualizados y/o modificados, según evidencias así: Manual de Contratación - Código: M3-MA-01 - Versión: 03 Vigencia: 10/11/2014; Licitación Pública Código: M3-PR-01 Versión: 02 - Vigencia: 07/11/2014 Código: M3-PR-02 Versión: 02 - Vigencia: 07/11/2014; Selección Abreviada – Subasta Inversa - Código: M3-PR-03 Versión: 02 Vigencia: 07/11/2014; Contratación de Mínima Cuantía Código: M3-PR-04 - Versión: 01 Vigencia: 27/01/2015; Prestación de Servicios Profesionales y de Apoyo a la Gestión Código: M3-PR-05 Versión: 01 Vigencia: 27/01/2015; Concurso de Méritos Abierto Código: M3-PR-06 - Versión: 01 Vigencia: 03/03/2015; Contratación Directa excepto Prestación de Servicios Profesionales y de Apoyo a la Gestión Código: M3-PR-07 Versión: 01 Vigencia: 19/03/2015; Elaboración y Legalización de Contratos y Convenios Código: M3-PR-08 Versión: 01 Vigencia: 13/05/2015; Modificaciones Contractuales - Código: M3-PR-09 Versión: 01 Vigencia: 28/04/2015; Liquidación de Contratos, Convenios y Órdenes de Compra - Código: M3-PR-10 - Versión: 01 Vigencia: 31-08-2016; Numeración, Fechado y Publicación en el SECOP de documentos relacionados con los procesos de Selección, Contratos y sus modificatorios - Código: M3-PR-11 - Versión: 01 - Vigencia: 31-08-2016. Para el porcentaje de cumplimiento de la meta se tomaran los 12 documentos como el 100% del indicador y como ejecución la actualización y socialización del Manual de Supervisión, esto es, uno de los doce documentos propuestos.
B19: Implementar los controles que aseguren la confiabilidad, integridad y disponibilidad de la información institucional | C19: Liquidar contratos de la entidad | D19: Adelantar la liquidación de los contratos que se requieran dentro de la vigencia | E19: No. de actas de liquidación radicadas/Total de contratos a liquidar durante la vigencia | F19: 0.7128 | G19: La falta de precisión en la meta, indicador y resultado esperado, dificultan establecer un criterio claro de medición, por cuanto no es posible identificar un número de contratos a liquidar para la vigencia ( línea base), a partir del universo de contratos terminados y no liquidados. La Oficina de Control Interno verificó que en el año 2018, se liquidaron y publicaron en el SECOP, setenta y dos (72) contratos suscritos en las vigencias 2013, 2014, 2015, 2016, 2017 y 2018. Con relación a la base de datos de contratos de las vigencias 2012, 2013, 2014, 2015, 2016, 2017 y 2018, que registra el estado de contratos (vigentes, terminados, liquidados y sin liquidar) se evidenció un total de ciento un (101) contratos sin liquidar, así: 2012: 0; 2013:7; 2014:5; 2015: 34; 2016:14: 2017: 21 y 2018: 20, para un total de 101 contratos terminados y sin liquidar. En aras a establecer un porcentaje de cumplimiento de esta meta, la OCI toma como criterio de evaluación, los 101 contratos de las vigencias 2013 a 2018 terminados y sin liquidar frente a 72 liquidaciones realizadas en el año 2018. En consecuencia, la meta se cumplió en un 71.2%. Es de anotar que la Dirección de Gestión Contractual considera el cumplimiento de la meta en cien por ciento (100%), con base en las siguientes consideraciones: “Para el corte de 30 de junio se han radicado 85 actas de liquidación para revisión, de las cuales 53 han sido suscritas; Para el corte de 30 de septiembre se radicaron 42 actas de liquidación para revisión, de un total de 52 contratos a liquidar a dicho periodo. Para para la vigencia 2018, se presentan 29 contratos terminados sin liquidar en términos contractuales y que corresponden a igual número de actas de liquidación radicadas”.
B20: Implementar los controles que aseguren la confiabilidad, integridad y disponibilidad de la información institucional | C20: Controlar en tiempo establecido para cada modalidad desde la radicación de estudios previos hasta aprobación de la póliza | D20: Oportunidad en la adjudicación de los procesos contractuales | E20: N° de procesos radicados y con pólizas aprobadas que cumplan con los tiempos establecidos/Total de procesos radicados | F20: 0.5591 | G20: De acuerdo con la matriz de procesos de selección suministrada por la Dirección de Gestión Contractual, en la vigencia 2018 se radicaron 93 procesos, excluyendo los 124 de prestación de servicios profesionales para apoyar la gestión que no requieren pólizas de garantías. Del total de los noventa y tres (93) procesos radicados, se evidencia que fueron adjudicados y celebrados cincuenta y dos (52); veintiuno (21) procesos fueron cancelados y veinte (20), publicados. Tomando como criterio de evaluación la información reportada en la matriz de procesos, la meta se cumplió en un 55.9%.
B21: PROMEDIO AVANCE METAS | F21: =AVERAGE(F17:F20) -> 0.5407
B22: Calificación de la Evaluación de la Dependencia | F22: =(F21/10)*100 -> 5.407
B23: 7. EVALUACIÓN DE LA OFICINA DE CONTROL INTERNO A LOS COMPROMISOS DE LA DEPENDENCIA: Las metas propuestas por la Dirección de Gestión Contractual para la vigencia 2018, se cumplieron en un 53.65%, lo que indica un promedio bajo de respuesta a sus propósitos anuales, esto es, una gestión ineficaz e ineficiente de acuerdo con los indicadores formulados para las metas de la dependencia. Se presentaron dificultades en la evaluación, en razón a la indefinición de los indicadores, que no establecían criterios objetivos y/o numéricos y/o de gestión para su medición. El comparativo entre los indicadores institucionales y los resultados obtenidos en la vigencia 2018, arroja los siguientes resultados por meta, así: Meta 1 - Realizar seguimiento permanente al Plan de Adquisiciones (cumplimiento del 79.09%). De acuerdo con el indicador de eficacia establecido para esta meta en la matriz de indicadores 2018 (menor a 90% - rango bajo) se ubica en rango de gestión bajo, esto es, la gestión fue ineficaz. Meta 2: Actualizar y modificar diez (10) procedimientos y dos (2) manuales del proceso de Gestión Contractual (cumplimiento del 8.33%). De acuerdo con el indicador de eficiencia establecido para esta meta en la matriz de indicadores 2018, (menor a 80% - rango bajo) se ubica en rango de gestión bajo, es decir, la gestión fue ineficiente. Meta 3: Adelantar la liquidación de los contratos que se requieran dentro de la vigencia (cumplimiento del 71.28%). De acuerdo con el indicador de eficacia establecido para esta meta en la matriz de indicadores 2018 (menor a 80% - rango bajo) se ubica en rango de gestión bajo, esto es, la gestión fue ineficaz. Meta 4: Oportunidad en la adjudicación de los procesos contractuales (cumplimiento 55.91%). De acuerdo con el indicador de eficiencia establecido para esta meta en la matriz de indicadores 2018, (menor a 80% - rango bajo) se ubica en rango de gestión bajo, es decir, la gestión fue ineficiente.
B24: La Oficina de Control Interno realiza la evaluación de dependencias en atención a lo dispuesto en el Artículo 39 de la Ley 909 de 2004, el Decreto 1227 de abril 21 de 2005 y la Circular 04 de septiembre 27 de 2005 del Consejo Asesor del Gobierno Nacional en Materia de Control Interno. Así mismo, corresponde a lo establecido por la Comisión Nacional del Servicios Civil en su Acuerdo 565 de 2016 mediante el cual se establece que “Dar a conocer a los responsables de la Evaluación del Desempeño, el resultado de la Evaluación de Gestión por Áreas o Dependencias (…) (Artículo 8°, Numeral 4). Para la Evaluación de Dependencias se adoptó como referente: a) La planeación institucional enmarcada en la visión, misión y objetivos del organismo; definida en la USPEC en el Plan de Acción Anual. b) Los objetivos institucionales por dependencia y sus compromisos relacionados; c) Los resultados de la ejecución por dependencias, de acuerdo con lo programado en la planeación institucional, contenidos en los informes de seguimiento de las Oficinas de Planeación. Para la puntuación del resultado de la evaluación por dependencias del que hace mención el Acuerdo 565 de 2016 de la CNSC (Artículo 17, Numeral 3) se estableció un sistema de calificación que homologa el avance porcentual en el cumplimiento de los compromisos definidos en la planeación institucional en puntos de 1 a 10, dividiendo por 10.
B25: 8. RECOMENDACIONES DE MEJORAMIENTO DE LA OFICINA DE CONTROL INTERNO:
B26: Se recomienda que las metas, indicadores y resultado esperado sean cuantificables y medibles, lo cual permite no solo que el seguimiento que realiza la dependencia sea efectiva sino que la labor de evaluación que realiza la Oficina de Control Interno se base en evidencias verificables, cuantificables y objetivas. Se evidencian metas indefinidas e indicadores carentes de línea base, esto es, cantidades sobre las cuales se logre claramente establecer el cumplimiento efectivo de la meta. Se recomienda mayor compromiso de la Dirección de Gestión Contractual en el seguimiento y control de las actividades propuestas para el cumplimiento de la meta.
B27: 9. FECHA: Enero 31 de 2019
B28: 10. INFORME PRESENTADO POR: Oficina de Control Interno. | G28: JOSE JORGE ROCA MARTINEZ - Jefe Oficina de Control Interno
G29: Formato en prueba de uso

Sheet DIRECCIÓN LOGÍSTICA
B2: EVALUACIÓN DE GESTIÓN POR DEPENDENCIAS
B3: OFICINA DE CONTROL INTERNO
B4: VIGENCIA 2018
B6: 1. ENTIDAD: | F6: 2. DEPENDENCIA A EVALUAR:
B7: Unidad de Servicios Penitenciarios y Carcelarios | F7: Dirección Logística (Subdirección de Suministro de bienes y Subdirección de Suministro de servicios)
B8: 3. PROCESOS
B9: Gestión de Suministro de Bienes y Prestación de Servicios
B10: 4. OBJETIVOS ESTRATÉGICOS RELACIONADOS CON LA DEPENDENCIA
B11: Proveer bienes y servicios para contribuir al mejoramiento de las condiciones de habitabilidad y bienestar de la población privada de la libertad
B12: Generar confianza y reconocimiento por parte de los diferentes grupos de interés para asegurar el posicionamiento de la Entidad
B13: 5. COMPROMISOS ASOCIADOS AL CUMPLIMIENTO DEL OBJETIVO INSTITUCIONAL | E13: 6. MEDICIÓN DE COMPROMISOS
E14: 6.1. INDICADOR | F14: 6.2. RESULTADO % | G14: 6.3. ANÁLISIS DE RESULTADO
B15: ESTRATEGIA | C15: ACCIONES PROGRAMADAS | D15: META 2018
B16: Fortalecer el suministro de bienes y servicios para el Sistema Penitenciario y Carcelario | C16: Realizar las actividades contractuales para dotar con elementos tecnológicos al Sistema Penitenciario y Carcelario | D16: Realizar contratación para dotar a cuatro (4) ERON con máquinas de Rayos X | E16: No. de contratos suscritos para la dotación de máquinas de Rayos X / No. de contratos proyectados en la vigencia para la dotación de máquinas de Rayos X * 100 | F16: 1 | G16: Resultado: Contratos adjudicados para la dotación de 4 Máquinas de RX De acuerdo a la información reportada por la Oficina Asesora de Planeación, se detalla el cumplimiento del 100% en la meta para el tercer trimestre de 2018, la cual estaba programada inicialmente para el cuarto trimestre según el plan de acción (15/06/2018). Por su parte la Dirección Logística - Subdirección de Bienes aportó los soportes correspondiente al contrato No. 169-2018 suscrito el 25/09/2018 con MELTEC COMUNICACIONES S.A. por valor de $1.124.200.000 y objeto: "Suministro, instalación, montaje, prueba, puesta en funcionamiento, garantía y mantenimiento preventivo y correctivo de equipos de rayos X para la detección del ingreso de elementos prohibidos para algunos establecimientos penitenciarios y carcelarios de orden nacional a cargo del Instituto Nacional Penitenciario y Carcelario - INPEC", y la prórroga No.1 del 27/12/2018 por el término de sesenta (60) días calendario, la cual está justificada en atrasos al cronograma en la fecha de inicio un mes después el 24/10/2018 y demoras en trámites ante la DIAN y de nacionalización de los equipos. En cuanto al alcance del contrato se encontró que el número de ERON beneficiarios subió de cuatro (4) a siete (7) así: Girardot, Pasto, Sincelejo, COMEB, Popayán, Armenia y Pereira, es decir que se superó la meta establecida. La información del contrato 169 de 2018 fue confirmada en la matriz de contratación con corte 12/31/2018 y en el Plan de Adquisiciones. | H16: 1124200000
B17: Fortalecer el suministro de bienes y servicios para el Sistema Penitenciario y Carcelario | C17: Realizar las actividades contractuales para dotar con elementos tecnológicos al Sistema Penitenciario y Carcelario | D17: Realizar contratación para dotar a cuatro (4) ERON con Sistema de Circuito Cerrado de Televisión | E17: No. de contratos suscritos para la dotación de máquinas de CCTV / No. de contratos proyectados en la vigencia para la dotación de CCTV X * 100 | F17: 1 | G17: Resultado: Contratos adjudicados para la dotación de 4 CCTV De acuerdo a la información reportada por la Oficina Asesora de Planeación, para el tercer trimestre no hubo avance, no obstante el cumplimiento se encontraba programado para el cuarto trimestre según el plan de acción (15/06/2018). Por su parte la Dirección Logística - Subdirección de Bienes aportó los soportes correspondiente al contrato No. 206-2018 suscrito el 23/11/2018 con VOXCOM TELECOMUNICACIONES S.A.S. por valor de $1.332.532.864 y objeto: "Adquisición, instalación, montaje, prueba, puesta en funcionamiento, garantía y mantenimiento preventivo y correctivo de los circuitos cerrados de televisión con video y control en tiempo real, que involucre equipos activos y pasivos, con el centro de control y monitoreo, con el fin de apoyar las labores de seguridad internas y externas del mismo, para cuatro (4) establecimientos de reclusión del orden nacional del INPEC" y la prórroga No.1 del 19/12/2018 hasta el 10/04/2019, la cual está justificada en el tiempo para la compra e importación de equipos, instalación y puesta en funcionamiento para dar cumplimiento al objeto y alcance del contrato. En cuanto al alcance del contrato se encontró que el número de ERON beneficiarios fue de cuatro (4) así: Pitalito, La Plata, Santa Rosa de Viterbo y Arauca, es decir que se cumplió la meta establecida. La información del contrato 206 de 2018 se confirmó en la matriz de contratación con corte 12/31/2018 y en el Plan de Adquisiciones. | H17: 1332532864
B18: Fortalecer el suministro de bienes y servicios para el Sistema Penitenciario y Carcelario | C18: Realizar las actividades contractuales para dotar con elementos tecnológicos al Sistema Penitenciario y Carcelario | D18: Realizar contratación para dotar a ocho (8) ERON con sistema de radio comunicación de dos vías | E18: No. de contratos suscritos para la dotación de radios de comunicación / No. de contratos proyectados en la vigencia para la dotación de radios de comunicación X 100 | F18: 0.9 | G18: Resultado: Contratos adjudicados para la dotación de 8 Sistemas de radio De acuerdo a la información reportada por la Oficina Asesora de Planeación, para el tercer trimestre no hubo avance, no obstante el cumplimiento se encontraba programado para el cuarto trimestre según el plan de acción (15/06/2018). Por su parte la Dirección Logística - Subdirección de Bienes aportó los soportes correspondiente al contrato No. 230-2018 suscrito el 26/12/2018 con UNIÓN TEMPORAL RADIOS INPEC 2018. por valor de $888.820.800 y objeto: "Adquisición De Radios Portátiles Para El Instituto Nacional Penitenciario Y Carcelario –Inpec" y la prórroga No.1 del 31/12/2018 por un término de sesenta (60) días calendario, la cual está justificada en el tiempo para la compra e importación de equipos, instalación y puesta en funcionamiento para dar cumplimiento al objeto y alcance del contrato, de acuerdo a la solicitud del Subdirector de Suministro de Servicios en memorando I-2018-026972. En cuanto al alcance del contrato no se encontró cuales eran los ERON beneficiarios ni la cantidad de radios portátiles, es decir que no se pudo identificar con claridad el cumplimiento de la meta establecida. La información del contrato 230 de 2018 se confirmó en la matriz de contratación con corte 12/31/2018 y en el Plan de Adquisiciones. | H18: 888820800
B19: Fortalecer el suministro de bienes y servicios para el Sistema Penitenciario y Carcelario | C19: Realizar las actividades contractuales para dotar con elementos tecnológicos al Sistema Penitenciario y Carcelario | D19: Realizar la contratación para el fortalecimiento tecnológico de dieciséis (16) salas para audiencias judiciales del INPEC | E19: No. de contratos suscritos para la dotación de salas de audiencias virtuales / No. de contratos proyectados en la vigencia para la dotación de salas de audiencias virtuales X 100 | F19: =9/16 -> 0.5625 | G19: Resultado: Contratos adjudicados para la implementación de 16 Salas para realización de audiencias virtuales De acuerdo a la información reportada por la Oficina Asesora de Planeación, se detalla el cumplimiento del 100% en la meta para el tercer trimestre de 2018, tal como estaba programado en el plan de acción (15/06/2018). Por su parte la Dirección Logística - Subdirección de Bienes aportó los soportes correspondiente al contrato No. 164-2018 suscrito el 13/09/2018 con VOXCOM TELECOMUNICACIONES S.A.S. por valor de $984.688.301 y objeto: "Suministro, instalación y puesta en operación de un sistema de videoconferencias integrado - equipo de videoconferencia todo en uno y ampliación licenciamiento para algunos establecimientos penitenciarios y carcelarios de orden nacional a cargo del Instituto Nacional Penitenciario y Carcelario - INPEC", y acta No. 2378 de recibido a satisfacción del 28/11/2018 correspondiente a la entrega e instalación de un (1) video conferencia todo en uno en el establecimiento de Bucaramanga. En cuanto al alcance del contrato se encontró que si bien hay veintiséis (26) ERON con la necesidad, de acuerdo a la priorización del INPEC y presupuesto estimado para la vigencia el número de ERON beneficiarios bajó a nueve (9) de (16), es decir que no se alcanzó la meta establecida. La información del contrato 230 de 2018 fue confirmada en la matriz de contratación con corte 12/31/2018 y en el Plan de Adquisiciones. | H19: 984688301 | I19: =9/16 -> 0.5625
B20: Fortalecer el suministro de bienes y servicios para el Sistema Penitenciario y Carcelario | C20: Desarrollar estudios previos de la Dirección Logística -Subdirección de Bienes de los procesos planteados en el Plan anual de Adquisiciones | D20: Estudios previos aprobados de la Dirección de Logística- Subdirección Bienes estipulados en el Plan anual de Adquisiciones | E20: N°. Estudios previos aprobados / Total estudios previos de los procesos proyectados en el Plan de Adquisiciones x 100 | F20: 0.75 | G20: Resultado: Estudios previos aprobados Teniendo en cuenta el reporte de seguimiento al Plan de Acción realizado por la Oficina Asesora de Planeación, se encontró que para el primer trimestre fueron aprobados dos (2) estudios previos, en el segundo trimestre no se reportó avance y en el tercer trimestre fueron aprobados cuatro (4) con un cumplimiento del 67%. De lo reportado por la Subdirección de Suministro de Bienes, para el cuarto trimestre se señalan tres (3) estudios previos aprobados para la adquisición de bienes para el INPEC. Según lo reportado, se verificó el plan de adquisiciones publicado a 16/11/2018 y la matriz de contratación con corte a 31/12/2018, donde se evidencian tres (3) contratos para adquisición de bienes para el cuarto trimestre: 206, 225 y 230 de 2018. No obstante a lo anterior, debido a que no se detalló el objeto de los estudios previos, no fue posible tener claridad sobre el número total de los mismos frente a los procesos proyectados en el plan de adquisiciones, de acuerdo al indicador. Según la matriz de contratación se encontraron 15 procesos adelantados como responsable la Dirección de Logística y/o Subdirector de Bienes frente a 13 descritos en el plan anual de adquisiciones con nombre de responsable Omar Douglas Regueros.
B21: Fortalecer el suministro de bienes y servicios para el Sistema Penitenciario y Carcelario | C21: Adelantar las actividades necesarias para mantener el servicio de vigilancia electrónica a los internos beneficiarios según la ley | D21: Suministrar el servicio de vigilancia electrónica a 5.300 internos por mes | E21: N° de Internos con SVE / 5.300 internos con beneficio de SVE | F21: 0.8647 | G21: Resultado: Prestar el servicio de vigilancia electrónica a 5.300 internos por mes Teniendo en cuenta las metas fijadas en el plan de acción 2018 publicado el 31/01/2018, se puede identificar que inicialmente se planteó la cobertura del servicio de vigilancia electrónica para 6000 internos por mes; de acuerdo al seguimiento realizado por la Oficina Asesora de Planeación para el primer trimestre se beneficiaron 14.675 internos de los 18.000 para un 20,38% del cumplimiento de la meta, en el seguimiento del segundo trimestre se reportaron 15.412 internos beneficiados de 18.000 que corresponden al 21,40% del cumplimiento trimestral de la meta. Para finales del mes de mayo de 2018, se suscribió la orden de operación mercantil 133-2018 31793209-2018 con fecha de suscripción 28/05/2018, con el objeto de: "Contratar la solución integral para la prestación del servicio ininterrumpido de vigilancia electrónica para las personas privadas de la libertad (PPL) a cargo del Instituto Nacional Penitenciario y Carcelario - INPEC, con detención domiciliaria, prisión domiciliaria, beneficios administrativos o con medida de aseguramiento privativa de la libertad (SVE) a nivel nacional.". Seguido, la meta del plan de acción 2018 fue ajustada de acuerdo a la actualización del 15/06/2018, la cual quedó en suministrar el servicio de vigilancia electrónica a 5.300 internos por mes, por lo que dicha cifra se aplicó para la medición del tercer y cuarto trimestre, quedando un cumplimiento del 22,47% y 22,22% respectivamente. De otra parte, debido a la ausencia de información para comparar los datos reportados en el seguimiento al plan de acción del cuarto trimestre, se solicitó el último informe de interventoría (contrato 151 de julio de 2018) al Jefe de la Oficina de Tecnología, encontrando con corte al 30/11/2018 el número de dispositivos activos fue de 4.750 dispositivos activos y con corte al 31/12/2018 el número de dispositivos activos a diciembre fue de 4.918, frente a 4,711 reportados por la Subdirección de Suministro de Bienes, es decir los datos reportados en el informe de interventoría no concuerdan con los reportados por Bienes. | H21: =(14675/18000)/4 -> 0.20381944 | I21: 0.2063 | J21: 0.214 | K21: 0.2247 | L21: 0.2222
B22: Fortalecer el suministro de bienes y servicios para el Sistema Penitenciario y Carcelario | C22: Adelantar las actividades contractuales requeridas para la dotación penitenciaria y carcelaria | D22: Cumplir las metas establecidas en los Acuerdos de desempeño para el presupuesto de inversión apropiado durante la vigencia para la dotación penitenciaria y carcelaria | E22: Presupuesto de inversión comprometido / Presupuesto apropiado | F22: 0.9622 | G22: Resultado: Compromiso total del presupuesto de Inversión apropiado para la vigencia De acuerdo a la actualización del plan de acción realizado el 15/06/2018, se incluyó ésta meta, por lo que la medición empezó para el segundo semestre de 2018, encontrando que de la apropiación inicial del presupuesto, se contemplaron $4.500.000.000 de pesos de los rubros de inversión, discriminados así: * C-1206-0800-3: IMPLEMENTACIÓN DE SALAS PARA LA REALIZACIÓN DE AUDIENCIAS VIRTUALES EN LOS ESTABLECIMIENTOS DE RECLUSIÓN DEL ORDEN NACIONAL por valor de $1.000.000.000=, de los cuales se comprometieron $984.688.301= que corresponden al contrato 164 de 2018. * C-1206-0800-4: FORTALECIMIENTO DE LA SEGURIDAD EN LOS ESTABLECIMIENTOS DE RECLUSIÓN DEL ORDEN NACIONAL por valor de $3.500.000.000=, de los cuales se comprometieron $3.345.553.664= que corresponden a los contratos 169, 206 y 230 de 2018. Lo anterior, fue revisado en el reporte de SIIF Nación de la Ejecución Presupuestal de 2018 y la matriz de contratación con corte a 31/12/2018 para un total comprometido de resultado $4.330.241.965. No obstante, según lo reportado por la Subdirección de Suministro de Bienes el cumplimiento fue del 74,34%, cifra que no coincide con la evaluación debido a que no incluyeron lo dispuesto para la implementación de las salas de audiencias virtuales. | I22: C-1206-0800-3 | J22: IMPLEMENTACIÓN DE SALAS PARA LA REALIZACIÓN DE AUDIENCIAS VIRTUALES EN LOS ESTABLECIMIENTOS DE RECLUSIÓN DEL ORDEN NACIONAL | K22: 1000000000 | L22: 984688301
B23: Fortalecer el suministro de bienes y servicios para el Sistema Penitenciario y Carcelario | C23: Desarrollar las actividades necesarias para el seguimiento a la contratación del servicio de alimentación | D23: Realizar supervisión permanente a los contratos de suministro de alimentación, como mínimo para un 80%, de la población beneficiaria en los ERON. | E23: Presentar 1 Informe trimestral de las visitas de supervisión a los contratos de suministro de alimentación, que cubran el 80% de la PPL Intramural en los ERON. | F23: =(16.67%+32.14%+31.2%+0)/4 -> 0.200025 | G23: Resultado: Supervisión a los Contratos del suministro de alimentación al 80% de la PPL Intramural en los ERON Teniendo en cuenta la actualización del plan de acción 2018 realizada el 15/06/2018, se puede evidenciar un ajuste al indicador pasando de doce (12) informes de supervisión, es decir uno(1) por mes a un (1) informe trimestral que cubra el 80% de la población privada de la libertad intramural en los ERON, en ese sentido se encontraron los siguientes reportes: Primer Trimestre: Se visitaron 12 establecimientos así : Acacias Colonia, COIBA, Tumaco, RM Buen Pastor, Pereira Hombres y RM, Dorada, Arauca, COMEB, Bellavista, Bello, Villavicencio y Acacias, para cada establecimiento se deja plan de mejora y se hace el respectivo seguimiento. Respecto al indicador se reportó con un cumplimiento del 16,67% Segundo Trimestre: Se realizaron visitas a 24 establecimientos, con cubrimiento de 30.860 internos equivalentes al 32,14% del parte total contemplado con fines de supervisión durante esta anualidad. Lo anterior, teniendo en cuenta que las visitas fueron realizadas por doce(12) profesionales técnicos de apoyo (ingenieros de alimentos, agroindustriales y nutricionistas) contratados bajo la modalidad de prestación de servicios. Según la actualización del plan de acción y de acuerdo a lo reportado en el seguimiento realizado por la Oficina Asesora de Planeación, para el tercer trimestre de 2018 se detalla el cumplimiento del 31,2% en la meta que corresponde a 29.956 internos. No obstante, para el cuarto trimestre no se recibió información sobre el cumplimiento, pese a la contratación de interventoría al servicio de alimentación mediante Contrato No. 158-2018 suscrito el 22/08/2018 con el CONSORCIO ALIMENTOS 2018 (C&M CONSULTORES S.A. y BDO AUDIT S.A.) cuyo objeto es: Realizar la interventoría técnica, administrativa, financiera, contable y jurídica para la prestación del servicio de alimentación, mediante el suministro de alimentos por el sistema de ración, para la población privada de la libertad (PPL) recluida en los establecimientos de reclusión del orden nacional, centros de reclusión militar, estaciones de policía, unidades tácticas militares y cualquier otro establecimiento que albergue PPL a cargo del Instituto Nacional Penitenciario y Carcelario - INPEC (exceptuando la PPL en detención domiciliaria) con cargo a la Unidad de Servicios Penitenciarios y Carcelarios - USPEC". | I23: C-1206-0800-4 | J23: FORTALECIMIENTO DE LA SEGURIDAD EN LOS ESTABLECIMIENTOS DE RECLUSIÓN DEL ORDEN NACIONAL | K23: 3500000000 | L23: 3345553664
B24: Fortalecer el suministro de bienes y servicios para el Sistema Penitenciario y Carcelario | C24: Realizar la supervisión permanente al contrato con la entidad fiduciaria para la administración de los recursos del Fondo Nacional de Salud para la Población Privada de la Libertad | D24: Supervisar el contrato con la entidad fiduciaria para la administración de los recursos del Fondo Nacional de Salud para la Población Privada de la Libertad | E24: 12 Informes de supervisión | F24: 0.83 | G24: Resultado: Supervisión mensual del Contrato con la entidad Fiduciaria De acuerdo a la información reportada por la Oficina Asesora de Planeación, se detalla el cumplimiento del 67,7% en la meta para el tercer trimestre de 2018, de lo cual se detalla así: Primer Trimestre: Reportó revisión de los informe de los meses de enero y febrero de 2018 con remisión de observaciones al Consorcio, quedando pendiente la revisión del mes de marzo. Se reportó un cumplimiento del 16,67% Segundo Trimestre: Se revisaron los informes de marzo, abril y mayo con remisión de observaciones al Consorcio. Se reportó un cumplimiento del 25% Tercer Trimestre: Se revisaron los informes junio, julio y agosto con remisión de observaciones al Consorcio. Se reportó un cumplimiento del 25% La oficina de Control Interno realizó la verificación de la información reportada por la Subdirección de Suministro de Servicios en la carpeta compartida, donde se revisaron doce (12) informes correspondientes a los meses de diciembre de 2017 y enero a noviembre de 2018, quedando pendiente la revisión del mes de diciembre de 2018, toda vez, que contractualmente quedó establecido el envío dentro de los 20 primeros días calendario del mes siguiente a la ejecución de los recursos, los documentos necesarios para la legalización contable de conformidad con lo que se establezca en el manual operativo. Por lo anterior, se contó como revisado y cumplida la meta con el informe de diciembre de 2017, cuya revisión se llevó a cabo en el mes de febrero de 2018. A continuación se detallan la validación de la información recibida. i i i i i i i i i | I24: =50+16.67 -> 66.67 | K24: =K23+K22 -> 4500000000 | L24: =L23+L22 -> 4330241965 | M24: =L24/K24 -> 0.96227599
B25: PROMEDIO AVANCE METAS | F25: =AVERAGE(F16:F24) -> 0.78549167 | M25: =L23/K24 -> 0.74345637
B26: Calificación de la Evaluación de la Dependencia | F26: =(F25/10)*100 -> 7.8549167
B27: 7. EVALUACIÓN DE LA OFICINA DE CONTROL INTERNO A LOS COMPROMISOS DE LA DEPENDENCIA: Las metas propuestas por la Dirección de Logística para la vigencia 2018, se cumplieron en un 78,5%, lo que indica un promedio aceptable de respuesta a sus propósitos anuales, esto es, que se tendrá que hacer mejoras en la gestión para lograr resultados eficientes y eficaces de acuerdo con los indicadores formulados para las metas de la dependencia. Se presentaron dificultades en la evaluación debido a la falta de información para la meta relacionada con el Suministro del servicio de alimentación y metas de Suministro de bienes carentes de línea base, esto es, cantidades sobre las cuales se logre claramente establecer el cumplimiento efectivo de la meta.
B28: La Oficina de Control Interno realiza la evaluación de dependencias en atención a lo dispuesto en el Artículo 39 de la Ley 909 de 2004, el Decreto 1227 de abril 21 de 2005 y la Circular 04 de septiembre 27 de 2005 del Consejo Asesor del Gobierno Nacional en Materia de Control Interno. Así mismo, corresponde a lo establecido por la Comisión Nacional del Servicios Civil en su Acuerdo 565 de 2016 mediante el cual se establece que “Dar a conocer a los responsables de la Evaluación del Desempeño, el resultado de la Evaluación de Gestión por Áreas o Dependencias (…) (Artículo 8°, Numeral 4). Para la Evaluación de Dependencias se adoptó como referente: a) La planeación institucional enmarcada en la visión, misión y objetivos del organismo; definida en la USPEC en el Plan de Acción Anual. b) Los objetivos institucionales por dependencia y sus compromisos relacionados; c) Los resultados de la ejecución por dependencias, de acuerdo con lo programado en la planeación institucional, contenidos en los informes de seguimiento de las Oficinas de Planeación. Para la puntuación del resultado de la evaluación por dependencias del que hace mención el Acuerdo 565 de 2016 de la CNSC (Artículo 17, Numeral 3) se estableció un sistema de calificación que homologa el avance porcentual en el cumplimiento de los compromisos definidos en la planeación institucional en puntos de 1 a 10, dividiendo por 10.
B29: 8. RECOMENDACIONES DE MEJORAMIENTO DE LA OFICINA DE CONTROL INTERNO:
B30: 1. Ejercer control periódico al seguimiento de los avances de cada meta propuesta, que permita tomar acciones oportunas para cumplir las metas de la vigencia aprobadas para el área. 2. Replantear metas medibles y alcanzables. 3. Definición de indicadores, con criterios objetivos, numéricos y/o de gestión para su medición. 4. Hacer los reportes de seguimiento a los indicadores, aunque estos reportes sean en cero. 5. Articular las metas que sean definidas en el Plan de Acción de la vigencia 2018 con las acciones de mejora establecidas en respuesta a los hallazgos identificados en los informes de la Contraloría General de la República y que fueron suscritas en el Plan de Mejoramiento Institucional. 6. Identificar las responsabilidades de las áreas que conforman la Dirección Logística, con el propósito de medir el cumplimiento de cada una de las dependencias y facilitar su evaluación.
B31: 9. FECHA: 31/01/2019
B32: 10. INFORME PRESENTADO POR: Oficina de Control Interno. | G32: JOSE JORGE ROCA MARTÍNEZ - Jefe Oficina de Control Interno
G33: Formato en prueba de uso

Sheet DIR INFRAESTRUCTURA
B2: EVALUACIÓN DE GESTIÓN POR DEPENDENCIAS
B3: OFICINA DE CONTROL INTERNO
B4: VIGENCIA 2018
B6: 1. ENTIDAD: | F6: 2. DEPENDENCIA A EVALUAR:
B7: UNIDAD DE SERVICIOS PENITENCIARIOS Y CARCELARIOS | F7: DIRECCIÓN DE INFRAESTRUCTURA
B8: 3. PROCESO
B9: GESTIÓN DE LA INFRAESTRUCTURA
B10: 4. OBJETIVOS ESTRATÉGICOS RELACIONADOS CON LA DEPENDENCIA
B11: Proporcionar la infraestructura física y su mantenimiento para contribuir al mejoramiento de las condiciones de habitabilidad y bienestar de la población privada de la libertad.
B12: Generar confianza y reconocimiento por parte de los diferentes grupos de interés para asegurar el posicionamiento de la Entidad
B13: 5. COMPROMISOS ASOCIADOS AL CUMPLIMIENTO DEL OBJETIVO INSTITUCIONAL | E13: 6. MEDICIÓN DE COMPROMISOS
E14: 6.1. INDICADOR | F14: 6.2. RESULTADO % | G14: 6.3. ANÁLISIS DE RESULTADO
B15: ESTRATEGIA | C15: ACCIONES PROGRAMADAS | D15: META 2017
B16: Ampliar, mejorar y conservar la infraestructura del Sistema Penitenciario y Carcelario | C16: Ejecutar la Fase 1 – Diagnóstico Hito N° 1 Del Plan Maestro de Infraestructura Penitenciaria y Carcelaria | D16: Elaboración del Plan Maestro de Infraestructura Penitenciaria y Carcelaria | E16: Plan Maestro de Infraestructura Penitenciaria y Carcelaria elaborado | F16: 0 | G16: La convocatoria CME008-2018 para contratar la Consultoría para la Elaboración de la Fase I – Diagnóstico Plan Maestro de Infraestructura Penitenciaria y Carcelaria adelantada por FONADE, con base en el Convenio Interadministrativo 216144 suscrito entre la USPEC y FONADE, se declaró fallida, según lo informado por la Dirección de Infraestructura.
B17: Ampliar, mejorar y conservar la infraestructura del Sistema Penitenciario y Carcelario | C17: Generar cupos penitenciarios y carcelarios para la población privada de la libertad | D17: Entregar 1.500 cupos penitenciarios y carcelarios al INPEC | E17: No. de cupos entregados / No. Cupos proyectados para la vigencia | F17: 0.384 | G17: Los cupos entregados en el año 2018, en el Establecimiento de Ibagué - (576 nuevos cupos), corresponden al contrato 403 de 2014. Sin embargo, y en consideración a que la ejecución del mencionado contrato se prolongó hasta la vigencia 2018, sin que dichos cupos hayan sido tenidos en cuenta en vigencias anteriores, se contarán como entregados al Sistema Penitenciarios en la vigencia 2018. En la vigencia 2018, la entidad suscribió contratos de consultoría e interventoría para la generación de nuevos cupos penitenciarios y carcelarios en los proyectos de Riohacha - Guajira, Yarumal - Antioquia y Silvia - Cauca. En consecuencia, la meta se cumplió en un tienta y ocho punto cuatro por ciento (38.4%), que resulta de multiplicar quinientos setenta y seis (576) cupos entregados por cien (100), dividido mil quinientos (1.500) cupos propuestos para la vigencia.
B18: Ampliar, mejorar y conservar la infraestructura del Sistema Penitenciario y Carcelario | C18: Realizar mantenimiento a la infraestructura penitenciaria y carcelaria | D18: Intervenir 135 ERON con obras de mantenimiento general. | E18: N° de ERON con intervenciones en mantenimiento iniciadas durante la vigencia / N° de ERON proyectados para intervención en la vigencia. | F18: 0.9259 | G18: En la vigencia 2018, la USPEC intervino 125 Establecimientos de Reclusión del Orden Nacional, así: 56 ERON a través de contratos derivados del Contrato Interadministrativo de Gerencia de Proyectos No. 216144 de 2016 suscrito con FONADE, 66 ERON por la ejecución de los contratos 174, 175, 176, 177, 178, 179 y 160 de 2017; 3 ERON con la ejecución de los contratos 115, 148 y 172 de 2018. Para la evaluación de la meta se tiene en cuenta la intervención en los ERON que se ejecutan a través de los contratos derivados del convenio suscrito con FONADE, en atención a que el mismo contó con recursos de vigencias futuras – que para el año 2018, fue de $127.176.455.917. Igual situación se presentó con los contratos 174, 175, 176, 177, 178, 179 y 180 de 2017, cuyo presupuesto para 2018 fue de $21.957.128.471. Por lo anterior, la meta se cumplió en noventa y dos punto cincuenta y nueve por ciento (92.59%), que resulta de multiplicar ciento veinticinco (125) ERON con intervención en la vigencia, por cien (100), dividido en ciento treinta y cinco (135) ERON con intervención propuestos como meta para la vigencia.
B19: Ampliar, mejorar y conservar la infraestructura del Sistema Penitenciario y Carcelario | C19: Desarrollar estudios previos de la Dirección de Infraestructura de los procesos planteados en el Plan anual de Adquisiciones | D19: Estudios previos aprobados de la Dirección de Infraestructura de los procesos planteados en el Plan anual de Adquisiciones | E19: N°. Estudios previos aprobados / Total estudios previos de los procesos proyectados en el Plan de Adquisiciones | F19: 0.7368 | G19: De los 152 contratos propuestos en el Plan Anual de Adquisiciones para atender los asuntos a cargo de la Dirección de Infraestructura, se estructuraron y aprobaron 112 estudios previos, que terminaron en la suscripción de igual número de contratos, entre los que se incluyen 78 contratos de prestación de servicios profesionales para apoyar la gestión y 34 para atender la infraestructura penitenciaria y carcelaria, incluidas interventorías, consultorías. La meta se cumplió en setenta y tres punto sesenta y ocho por ciento (73.68%), que resulta de multiplicar ciento ocho (112) estudios previos aprobados por cien (100), dividido en ciento cincuenta y dos (152) contratos proyectados en el PAA.
B20: Cumplir las metas establecidas en los Acuerdos de desempeño para el presupuesto de inversión apropiado durante la vigencia para la infraestructura penitenciaria y carcelaria | C20: Adelantar las actividades contractuales requeridas para la construcción, renovación y mantenimiento de la infraestructura | D20: Cumplir las metas establecidas en los Acuerdos de desempeño para el presupuesto de inversión apropiado durante la vigencia para la infraestructura penitenciaria y carcelaria | E20: Presupuesto de inversión comprometido / Presupuesto apropiado | F20: 0.3114 | G20: De acuerdo con la información reportada a SIIF Nación II, la apropiación presupuestal para la Dirección de Infraestructura correspondiente a la vigencia 2018, fue de $323.208.726.801, de los cuales se comprometieron $100.669.399.777,92, así: Para el fortalecimiento de la infraestructura se apropiaron $90.000.000.000 y se comprometieron $57.307.982.735 y para la generación de cupos se apropiaron $233.208.726.80 y se comprometieron $43.361.417.042.92. Por el Rubro C-120-60800-1- Construcción y Ampliación de Infraestructura para generación de cupos en los Establecimientos de Reclusión del Orden Nacional, se comprometieron en contratos suscritos en la vigencia 2018, $6.543.409.581 y por contratos suscritos en vigencias anteriores con vigencias futuras 2018, $50.764.573.152, para un total comprometido de $57.307.982.735. Por el Rubro C-120-60800-5 – Fortalecimiento de la Infraestructura física en los ERON a cargo del INPEC, se comprometieron en contratos suscritos en la vigencia 2018, $10.979.035.475.52 y por contratos suscritos en vigencias anteriores con vigencias futuras 2018, $32.382.381.567.40, para un total comprometido de $43.361.417.042.92. La meta de la Dirección de Infraestructura, que incluye los proyectos para el fortalecimiento de la infraestructura penitenciaria y carcelaria y los de generación de cupos, se cumplió en treinta y uno punto catorce por ciento (31.14%), que resulta de multiplicar el valor total apropiado ($323.208.726.801), por cien (100), dividido en el valor total comprometido (100.669.399.777.92).
B21: PROMEDIO AVANCE METAS | F21: =AVERAGE(F16:F20) -> 0.47162
B22: Calificación de la Evaluación de la Dependencia | F22: =(F21/10)*100 -> 4.7162
B23: 7. EVALUACIÓN DE LA OFICINA DE CONTROL INTERNO A LOS COMPROMISOS DE LA DEPENDENCIA: Las metas propuestas por la Dirección de Infraestructura para la vigencia 2018, se cumplieron en un cuarenta y siete punto dieciséis por ciento (47.16%), lo que indica un promedio bajo de respuesta a sus propósitos anuales, esto es, la gestión fue ineficaz. Haciendo el comparativo entre los indicadores institucionales y los resultados obtenidos en la vigencia 2018, la evaluación arroja los siguientes resultados por meta, así: Meta 1 - Elaboración del Plan Maestro de Infraestructura Penitenciaria y Carcelaria (cumplimiento del 0%) se ubica en rango de gestión bajo, esto es, la gestión fue ineficaz. Meta 2: Entregar 1.500 cupos penitenciarios y carcelarios al INPEC (cumplimiento del 38.4%), se ubica en rango de gestión bajo, es decir, una gestión ineficaz. Meta 3: Intervenir 135 ERON con obras de mantenimiento general (cumplimiento del 92.59%), se ubica en rango de gestión alto, es decir, una gestión eficaz. Se precisa que 123 de los 125 ERON intervenidos en la vigencia 2018, correspondieron a contratos suscritos en las vigencias 2016 y 2017, con recursos aprobados con vigencias futuras (2018). Meta 4: Estudios previos aprobados de la Dirección de Infraestructura de los procesos planteados en el Plan anual de Adquisiciones (cumplimiento 73.68%), se ubica en rango de gestión medio, es decir, una gestión medianamente eficaz. Meta 5: Cumplir las metas establecidas en los Acuerdos de desempeño para el presupuesto de inversión apropiado durante la vigencia para la infraestructura penitenciaria y carcelaria (cumplimiento 31.14%), se ubica en rango de gestión bajo, esto es, una gestión ineficaz.
B24: La Oficina de Control Interno realiza la evaluación de dependencias en atención a lo dispuesto en el Artículo 39 de la Ley 909 de 2004, el Decreto 1227 de abril 21 de 2005 y la Circular 04 de septiembre 27 de 2005 del Consejo Asesor del Gobierno Nacional en Materia de Control Interno. Así mismo, corresponde a lo establecido por la Comisión Nacional del Servicios Civil en su Acuerdo 565 de 2016 mediante el cual se establece que “Dar a conocer a los responsables de la Evaluación del Desempeño, el resultado de la Evaluación de Gestión por Áreas o Dependencias (…) (Artículo 8°, Numeral 4). Para la Evaluación de Dependencias se adoptó como referente: a) La planeación institucional enmarcada en la visión, misión y objetivos del organismo; definida en la USPEC en el Plan de Acción Anual. b) Los objetivos institucionales por dependencia y sus compromisos relacionados; c) Los resultados de la ejecución por dependencias, de acuerdo con lo programado en la planeación institucional, contenidos en los informes de seguimiento de las Oficinas de Planeación. Para la puntuación del resultado de la evaluación por dependencias del que hace mención el Acuerdo 565 de 2016 de la CNSC (Artículo 17, Numeral 3) se estableció un sistema de calificación que homologa el avance porcentual en el cumplimiento de los compromisos definidos en la planeación institucional en puntos de 1 a 10, dividiendo por 10.
B25: 8. RECOMENDACIONES DE MEJORAMIENTO DE LA OFICINA DE CONTROL INTERNO:
B26: Se recomienda fortalecer la planeación para la efectividad de los procesos de contratación relacionados con la generación de cupos penitenciarios y carcelarios y mantenimiento de la infraestructura así como al Director y Subdirectores, ejercer control y seguimiento a las metas del área propuestas para cada vigencia, en especial los proyectos relacionados con la misionalidad del área, que impactan en las metas de la entidad. Es imperativo contar con al Plan Maestro de Infraestructura, cuya meta se viene proponiendo desde el año 2015, sin que a 2018, haya podido cumplirse. Además, el documento servirá de orientador al quehacer misional de la entidad, para cumplir de manera efectiva con los objetivos institucionales de cada vigencia, de proveer la infraestructura necesaria al Sistema Penitenciario y Carcelario. Se reitera por tanto lo señalado en vigencias anteriores, que como deber funcional de la Dirección de Infraestructura, es necesario elaborar el Plan Maestro de Infraestructura Penitenciaria y Carcelaria, de conformidad con los números 3 y 2 de los artículos 17, 18 y 19 del Decreto 4150 de 2011, que establece como responsabilidad del Director de Infraestructura (Coordinar y orientar la elaboración), Subdirector de Conservación y Construcción (Elaborarlo y Ejecutarlo) y del Subdirector de Seguimiento a la Infraestructura (Coadyuvar en la elaboración).
B27: 9. FECHA: Enero 31 de 2019
B28: 10. INFORME PRESENTADO POR: Oficina de Control Interno. | G28: JOSE JORGE ROCA MARTÍNEZ - Jefe Oficina de Control Interno
G29: Formato en prueba de uso

Sheet CONTROL INTERNO
A2: EVALUACIÓN DE GESTIÓN POR DEPENDENCIAS
A3: OFICINA DE CONTROL INTERNO
A4: VIGENCIA 2018
A6: 1. ENTIDAD: | E6: 2. DEPENDENCIA A EVALUAR:
A7: UNIDAD DE SERVICIOS PENITENCIARIOS Y CARCELARIOS | E7: OFICINA DE CONTROL INTERNO
A8: 3. PROCESO
A9: EVALUACIÓN DE LA GESTIÓN INSTITUCIONAL
A10: 4. OBJETIVOS ESTRATÉGICOS RELACIONADOS CON LA DEPENDENCIA
A11: Generar confianza y reconocimiento por parte de los diferentes grupos de interés para asegurar el posicionamiento de la Entidad
A12: 5. COMPROMISOS ASOCIADOS AL CUMPLIMIENTO DEL OBJETIVO INSTITUCIONAL | D12: 6. MEDICIÓN DE COMPROMISOS
D13: 6.1. INDICADOR | E13: 6.2. RESULTADO % | F13: 6.3. ANÁLISIS DE RESULTADO
A14: ESTRATEGIA | B14: ACCIONES PROGRAMADAS | C14: META 2017
A15: Robustecer los mecanismos de Transparencia Institucional y de lucha contra la corrupción | B15: Desarrollar al 100% el programa de seguimientos de Ley para la vigencia | C15: Fortalecer la cultura de autocontrol en la USPEC | D15: % cumplimiento del programa de seguimientos de Ley para la vigencia. Cumplimiento: | E15: 1 | F15: La OCI elaboró, presentó y publicó los siguientes informes, de conformidad con el PROGRAMA ANUAL DE INFORMES VIGENCIA 2018: de 48 informes se remitieron 48 Informes de Seguimiento: 1. Un informe de seguimiento a la implementación del marco normativo contable NICSP - Julio de 2018 2. Tres informes de seguimiento trimestral a la ejecución presupuestal - Abril, julio y Noviembre de 2018 3. Dos informe de caja menor - junio y diciembre de 2018 4. Dos informe de seguimiento al Sistema Integrado de Información Financiera, SIIF Nación. - Abril y Noviembre de 2018 5. Un informe de seguimiento al Reporte de Información para el Boletín De Deudores Morosos – BDME. 6. Un informe de cumplimiento ley de cuotas Informes de Ley: • 11 Informes mensuales de austeridad en el gastos. Diciembre 2017 y Enero a noviembre de 2018 • cuatro informes trimestrales: Informe del cuarto trimestre de 2017, Informe de austeridad del primer trimestre de 2018, Informe de austeridad del segundo trimestre de 2018 e informe de austeridad del tercer trimestre de 2018 • Un Informe Control Interno Contable de la vigencia 2017 • Tres Informes Pormenorizados de Control Interno (Abril, Agosto y Noviembre de 2018) • Dos Informes avance al plan de mejoramiento CGR sistema SIRECI (Enero y julio de 2018) • Dos Informes sobre las quejas, sugerencias y reclamos (II semestre de 2017 y I semestre de 2018) • Dos Informes de actualización de sistema EKOGUI (II semestre de 2017 y I semestre de 2018) • Un Informe de evaluación Institucional por dependencias vigencia 2017 • Un informe de seguimiento a derechos de autor vigencia 2017 • Tres informes de Plan Anticorrupción: Incluye tercer cuatrimestre de 2017, primer y segundo cuatrimestre de 2018 • Dos Seguimientos al Sistema Integrado de Información Financiera, SIIF Nación. (abril de 2017) • Tres informes al plan de mejora archivística : Primer trimestre enero - marzo, segundo trimestre abril - junio de 2018 y Tercer trimestre julio - septiembre de 2018 • Dos informes de seguimiento a Caja Menor • Tres informes de seguimiento a la ejecución presupuestal 17 de abril de 2018, 31 de julio de 2018 y 30 de octubre de 2018 • Un informe de cumplimiento Ley de Cuotas • Un reporte de actividad cuenta fiscal 2017
A16: Robustecer los mecanismos de Transparencia Institucional y de lucha contra la corrupción | B16: Desarrollar al 100% el Programa de Auditorías para la Vigencia | C16: Fortalecer la cultura de autocontrol en la USPEC | D16: % cumplimiento del programa de auditorías para la vigencia | E16: 0.9 | F16: Meta 2018: 20 informes de auditoría. Se presentaron 23 informes definitivos y 3 preliminares. Informe definitivos de Auditoría finalizados y entregados: 1. Gestión de la Infraestructura Grupo 1: Girardot, Ibagué-Coiba-Picaleña, Combita, Santa Rosa de Viterbo, Chiquinquirá, Tierralta y Corozal 2. Gestión de la Infraestructura Grupo 2: Arauca, Honda, Pereira, Calarcá, Armenia, Tuluá, Buga. 3. Gestión de la Infraestructura Grupo 3: Leticia, Puerto Triunfo, Chaparral, Guamo 4. Gestión de la Infraestructura Grupo 4: : Palogordo I Girón, Ipiales, La Plata, Quibdó, Paz De Ariporo y Pitalito 5. Gestión de Bienes y Servicios - Salud Grupo 1: Girardot, Ibagué-Coiba-Picaleña, Combita, Santa Rosa de Viterbo, Chiquinquirá, Tierralta y Corozal 6. Gestión de Bienes y Servicios - Salud Grupo 2: Arauca, Honda, Pereira, Calarcá, Armenia, Tuluá, Buga. 7. Gestión de Bienes y Servicios - Salud Grupo 3: Leticia, Puerto Triunfo, Chaparral, Guamo 8. Gestión de Bienes y Servicios - Salud Grupo 4: Palogordo I Girón, Ipiales, La Plata, Quibdó, Paz De Ariporo y Pitalito 9. Gestión de Bienes y Servicios - Alimentación Grupo 1: Girardot, Ibagué-Coiba-Picaleña, Combita, Santa Rosa de Viterbo, Chiquinquirá, Tierralta y Corozal 10. Gestión de Bienes y Servicios - Alimentación Grupo 2: Arauca, Honda, Pereira, Calarcá, Armenia, Tuluá, Buga. 11. Gestión de Bienes y Servicios - Alimentación Grupo 3: Leticia, Puerto Triunfo, Chaparral, Guamo 12. Gestión de Bienes y Servicios - Alimentación Grupo 4: Palogordo I Girón, Ipiales, La Plata, Quibdó, Paz De Ariporo y Pitalito 13. Procedimiento de seguimiento prestación del servicio de Salud - Facturación ADRES 14. Procedimiento de seguimiento prestación del servicio de Salud - Pagos Contrato de Fiducia Mercantil 331 de 27 de diciembre de 2016 15. Procedimiento de verificación de facturación del servicio de alimentación. 16. Gestión Administrativa y Financiera – Subproceso Gestión Documental 17. Gestión del Talento Humano - Procedimiento Vinculación de Personal Registro SIGEP 18. Gestión Administrativa y Financiera - Subproceso Gestión Financiera - BDME 19. Gestión Administrativa Y Financiera – Subproceso Gestión Financiera – Procedimiento Tramite De Cuentas Por Pagar 20. Gestión Administrativa Y Financiera – Subproceso Gestión Financiera – Implementación NICSP 21. Gestión Administrativa Y Financiera – Subproceso Gestión de Recursos Físicos – Procedimiento Viáticos y Gastos de desplazamiento 22. Gestión Jurídica 23. Gestión de Tecnologías de Información - Ley 1712 de 2014 ITA Informes Preliminares de Auditoría Entregados 1. Gestión del Talento Humano - Liquidación e Indemnizaciones de vacaciones vigencia 2013 2. Gestión de Tecnologías de Información - Gobierno en línea 3. Gestión Contractual - Contrato Vigilancia electrónica 2018
A17: Robustecer los mecanismos de Transparencia Institucional y de lucha contra la corrupción | B17: Desarrollar 6 actividades de fomento de la cultura de autocontrol | C17: Fortalecer la cultura de autocontrol en la USPEC | D17: % de ejecución de las actividades programadas | E17: 1 | F17: De 6 Actividades programadas se realizaron 6: - Campaña auditorías internas: correo y pantallas digitales - Nota de control interno: Componentes del control interno - correo y pantallas digitales - Nota de control interno: Saludo Día del Servidor Público - correo y pantallas digitales - Aprendiendo sobre autocontrol: correo y pantallas digitales - Control interno y MIPG correo y pantallas digitales - Feria de Gestión 2018: taller autocontrol, concurso Apuntale al Autocontrol y juego virtual.
A18: PROMEDIO AVANCE METAS | E18: =AVERAGE(E15:E17) -> 0.96666667
A19: Calificación de la Evaluación de la Dependencia | E19: =(E18/10)*100 -> 9.6666667
A20: 7. EVALUACIÓN DE LA OFICINA DE CONTROL INTERNO A LOS COMPROMISOS DE LA DEPENDENCIA: La Oficina de Control Interno realiza la evaluación de dependencias en atención a lo dispuesto en el Artículo 39 de la Ley 909 de 2004, el Decreto 1227 de abril 21 de 2005 y la Circular 04 de septiembre 27 de 2005 del Consejo Asesor del Gobierno Nacional en Materia de Control Interno. Así mismo, corresponde a lo establecido por la Comisión Nacional del Servicios Civil en su Acuerdo 565 de 2016 mediante el cual se establece que “Dar a conocer a los responsables de la Evaluación del Desempeño, el resultado de la Evaluación de Gestión por Áreas o Dependencias (…) (Artículo 8°, Numeral 4). Para la Evaluación de Dependencias se adoptó como referente: a) La planeación institucional enmarcada en la visión, misión y objetivos del organismo; definida en la USPEC en el Plan de Acción Anual. b) Los objetivos institucionales por dependencia y sus compromisos relacionados; c) Los resultados de la ejecución por dependencias, de acuerdo con lo programado en la planeación institucional, contenidos en los informes de seguimiento de las Oficinas de Planeación. Para la puntuación del resultado de la evaluación por dependencias del que hace mención el Acuerdo 565 de 2016 de la CNSC (Artículo 17, Numeral 3) se estableció un sistema de calificación que homologa el avance porcentual en el cumplimiento de los compromisos definidos en la planeación institucional en puntos de 1 a 10, dividiendo por 10. El Resultado de la Oficina de Control Interno es de 9.8 Puntos
A21: 8. RECOMENDACIONES DE MEJORAMIENTO DE LA OFICINA DE CONTROL INTERNO:
A22: Para la planeación de la vigencia 2019 se recomienda: - Incluir en la programación de auditorías internas la auditoría la Sistema de Gestión de Seguridad en la Planeación - Incluir seguimiento al mapa de riesgos institucionales y de corrupción) si se realiza la actualización de mapas de procesos por parte de las dependencias responsables de los procesos. Esta actividad ya se viene ejecutando. - Incluir los seguimientos a la implementación del plan de mejoramiento institucional, suscrito con la Contraloría General de la República. Esta actividad ya se viene ejecutando.
A23: 9. FECHA: Enero 31 de 2019
A24: 10. INFORME PRESENTADO POR: Oficina de Control Interno. | F24: JOSE JORGE ROCA MARTÍNEZ - Jefe Oficina de Control Interno
F25: Formato en prueba de uso

Sheet CONSOLIDADO DIAFIN
B2: EVALUACIÓN DE GESTIÓN POR DEPENDENCIAS
B3: OFICINA DE CONTROL INTERNO
B4: VIGENCIA 2018
B6: 1. ENTIDAD: | F6: 2. DEPENDENCIA A EVALUAR:
B7: UNIDAD DE SERVICIOS PENITENCIARIOS Y CARCELARIOS | F7: DIRECCION ADMINISTRATIVA Y FINANCIERA
B8: 3. PROCESOS
B9: Gestiòn Administrativa y Financiera
B11: 4. OBJETIVOS ESTRATÉGICOS RELACIONADOS CON LA DEPENDENCIA
B12: Objetivo Estratégico:Consolidar la cultura de calidad dentro de la institución mediante la interiorización y apropiación del SIGI, con el fin de atender con efectividad las necesidades del cliente institucional
B14: DIRECCION ADMINISTRATIVA Y FINANCIERA | F14: RESULTADO | G14: ANÁLISIS RESULTADO
B16: Subdirección Adminstrativa - Grupo Documental | F16: ='SUBDIRADTVA DOCUMENTAL'!E19 -> 0.83333333
B17: Subdirección Adminstrativa - Grupo Talento Humano | F17: ='SUBDIRADTVA TALHUMANO'!E21 -> 0.782
B18: Subdirección Adminstrativa - Grupo Adminstración de Personal | F18: ='SUBDIRADTVA ADMONPERSONAL'!E20 -> 0.7225
B19: Subdirección Adminstrativa - Grupo Administrativo | F19: ='SUBDIRADTVA ADMINISTRATIVO'!F19 -> 0.46666667
B20: Subdirección Adminstrativa - Grupo Atencion al Ciudadano | F20: ='SUBDIRADTVA ATCIUDADANO'!F21 -> 0.8
B21: Subdirección Adminstrativa - Financiera | F21: ='SUBDIRECCIÓN FINANCIERA'!F19 -> 0.615
B22: Subdirección Adminstrativa - Grupo Atencion a Establecimientos de Reclusión | F22: ='SUBDIR ATENCIÓN ESTABLECIMIENTO'!F19 -> 0.5
B23: PROMEDIO AVANCE METAS | F23: =AVERAGE(F16:F22) -> 0.67421429
B24: Calificación de la Evaluación de la Dependencia | F24: =(F23/10)*100 -> 6.7421429

Sheet SUBDIRECCIÓN FINANCIERA
B2: EVALUACIÓN DE GESTIÓN POR DEPENDENCIAS
B3: OFICINA DE CONTROL INTERNO
B4: VIGENCIA 2018
B6: 1. ENTIDAD: | F6: 2. DEPENDENCIA A EVALUAR:
B7: UNIDAD DE SERVICIOS PENITENCIARIOS Y CARCELARIOS | F7: SUBDIRECCIÓN FINANCIERA
B8: 3. PROCESOS
B9: Gestión Administrativa y Financiera
B10: 4. OBJETIVOS ESTRATÉGICOS RELACIONADOS CON LA DEPENDENCIA
B11: Consolidar la cultura de calidad dentro de la institución mediante la interiorización y apropiación del SIGI, con el fin de atender con efectividad las necesidades del cliente institucional
B12: 5. COMPROMISOS ASOCIADOS AL CUMPLIMIENTO DEL OBJETIVO INSTITUCIONAL | E12: 6. MEDICIÓN DE COMPROMISOS
E13: 6.1. INDICADOR | F13: 6.2. RESULTADO % | G13: 6.3. ANÁLISIS DE RESULTADO
B14: ESTRATEGIA | C14: ACCIONES PROGRAMADAS | D14: META 2018
B15: Mantener y mejorar el Sistema Integrado de Gestión Institucional -SIGI - | C15: Actualizar, modificar, complementar y/o crear 8 procedimientos y 29 formatos que actualmente están en vigencia en los grupos de Presupuesto, Contabilidad y Tesorería, según sea el caso. | D15: Revisar, actualizar y ajustar todos los documentos de la Sub dirección Financiera. | E15: Total Procedimientos y formatos actualizados / procedimientos existentes | F15: 0.73 | G15: Resultado : 8 Procedimientos y 29 formatos actualizados Reporte Avance según Seguimiento a Plan de Acción Vigencia 2018 Primer Trimestre: No se tenían definidas metas a cargo de la Subdirección Financiera. Segundo Trimestre: Según reporte de Plan de Acción Institucional, "Se realizaron actas en las cuales se da el compromiso de la verificación de la actualización de los procedimientos y formatos de cada grupo de la subdirección financiera". Según Seguimiento realizado por la OAPLA: "No hay avance frente al resultado esperado de 37 documentos actualizados, por lo tanto el avance es del 0%". Mediante Acta 001 de fecha Abril 9 de 2018, suscrita por los funcionarios del Grupo de tesorería se comprometieron Eliminar Formatos (A1-S4-FO-15,A1-S4-FO-17,A1-S4-FO-12,A1-S4-FO-23), Modificar (A1-S4-FO-27, A1-S4-FO-22) y Crear Impuestos declaración de ICA y Alimentación. Compromisos de funcionarios revisar formatos y definir su utilización o eliminación. Mediante correo electrónico de fecha 13 abril de 2018 , se solicita actualizar formato A1-S4-F0-25 documento sin firma. Según formato solicitud de creación , actualización o eliminación de documentos con fecha 07/05/2018, el cual no se encuentra firmado se solicito eliminación del formato A1-S4-FO-27, por no contar con las necesidades requeridas por el área de contabilidad. Tercer Trimestre: Según reporte de Plan de Acción Institucional, "El 17 de agosto, el Grupo de Presupuesto remitió el documento procedimiento de Gestión Presupuestal ajustado de acuerdo con a observaciones de la OAPLA a la espera de su publicación. Así mismo, se realizó la actualización y se tramitó la publicación en el SIGI de los formatos Solicitud de CDP y Solicitud de modificación presupuestal CDP y RPC. En el Grupo de Tesorería se eliminaron 2 formatos y está en proceso de actualización 4 formatos y con relación a la actualización de procedimiento está en trámite de revisión (trámite de cuentas por pagar") "El Grupo de Contabilidad se encuentra en proceso de actualización el procedimiento Impuestos, con relación a los formatos del grupo ya fueron revisados y ninguno se va a actualizar" el avance es del 12%. Según Seguimiento realizado por la OAPLA: "No hay avance frente al resultado esperado de 37 documentos actualizados, por lo tanto el avance es del 0%". Según acta N. 2 de fecha julio 18 de 2018, suscrita por los funcionarios del Grupo de Tesorería se informa sobre la eliminación de los formatos (A1-S4-FO-15,Resgistro Ordenes de pago y A1-S4-FO-17 Revisión cuentas para tramite de pago. En verificación en SIGI se evidencia la eliminación de los mismos, no se adjunto soporte de solicitud de eliminación de estos formatos , adicionalmente se eliminó el A1-S4-FO-27, según solicitud de actualización de fecha mayo 7 de 2018 suscrita por funcionario del Grupo de tesorería, el cual se encuentra sin la firma de quien realiza la solicitud. pendientes de eliminar los formatos A1-S4-FO-12,Kardex Contratos de Alimentación y A1-S4-FO-23 Control Manejo de Anticipos de Contrato de Obra y de modificar A1-S4-FO-22. Según información de la OAPLA mediante correo de julio 13 de 2018, se actualizaron adicionalmente los formatos A1-S4-FO-01 Solicitud de Certificado de Disponibilidad Presupuestal CDP ultima fecha de actualización se registra 14-01-2019 V.8 y A1-S4-FO-20 Solicitud de Modificación de Certificado de Disponibilidad Presupuestal, ultima fecha de actualización 15/01/2019 V:5, de los cuales no se evidencia documento de solicitud de actualización. Mediante solicitud de actualización de fecha 5/07/2018, se solicito modificar el formato A1-S4-FO-25 suscrita por funcionario del Grupo de tesorería, el cual se encuentra sin la firma de quien realiza la solicitud, fecha de actualización según SIGI 09/11/2018 V.10. Cuarto Trimestre: Según reporte de Plan de Acción Institucional, no se evidencia registro de seguimiento en plan de acción el 4 trimestre Según acta sin numero con fecha 30 de noviembre de 2018 suscrita por los Coordinadores de los grupos de Contabilidad, Presupuesto y Tesorería, se reporta que fue revisado cada procedimiento y que una vez revisados se concluyó que los procedimientos que se relacionan a continuación, no requieren de actualización A1-S4-PR-01 Programación, Ejecución y Control PAC, A1-S4-PR-03 Gestión de Tesorería, A1-S4-PR-04 Tramite de Cuentas por Pagar, A1-S4-PR-05 Tramite Obligaciones Presupuestales, A1-S4-PR-06 Conciliación Bancaria y el A1-S4-PR-07 Constitución Rezago Presupuestal. Los procedimientos A1-S4-PR-08- Pago de Impuestos y A1-S4-PR-02 Gestión de Presupuesto, fueron revisados y actualizados pendientes de publicar por la Oficina de Planeación .En validación efectuada a la publicación de procedimientos en SIGI se observó que al cierre de la vigencia 2018, no se encuentra publicada la actualización de los mismos. Según memorando I-2018-000217 de enero 11 de 2019, suscrito por la Dirección Administrativa y Financiera, "el formato A1-S4-PR-02 Gestión de Presupuesto, se encuentran en revisión los temas de puntos de control para firma y posterior publicación." Según publicación en SIGI para la Gestión Financiera se tienen publicados 8 procedimientos a saber A1-S4-PR-01 Programación, Ejecución y Control PAC, ultima actualización realizada 07/07/2016; A1-S4-PR-02 Gestión de Presupuesto, ultima actualización realizada 02/11/2016; A1-S4-PR-03 Gestión de Tesorería, ,ultima actualización realizada 24/10/2017, A1-S4-PR-04Tramite de Cuentas por Pagar, ultima actualización realizada 16/01/2018, A1-S4-PR-05 Tramite Obligaciones Presupuestales ultima actualización realizada 28/06/2017, A1-S4-PR-06 Conciliación Bancaria ultima actualización realizada 28/06/2017, A1-S4-PR-07 Constitución Rezago Presupuestal ultima actualización realizada 02/11/2016 y A1-S4-PR-08- Pago de Impuestos ultima actualización realizada 10/11/2016. Dentro de la Evaluación realizada por la Subdirección Financiera se definió como compromiso la creación de 2 procedimientos adicionales relacionados con Impuestos declaración de ICA y Alimentación, de los cuales se creo el de impuestos de ICA como adición en la actualización del procedimiento A1-S4-PR-08- Pago de Impuestos el cual fue actualizado en 11/07/2018 y reportado a planeación para su modificación y publicación el 10/12/2018, el cual se encuentra pendiente la publicación por parte de OAPLA. adicionalmente la Subdirección Financiera considero que el procedimiento de Tramite de Cuentas Por Pagar no requiere actualización pese a que en la Auditoria realizada al proceso durante la vigencia 2018, por la Oficina de Control Interno se recomendó actualizar el procedimiento. Con respecto a la información suministrada el avance a los procedimientos es del 60% sustentada en un total de 10 procedimientos de los cuales solo se encuentran 5 actualizados según SIGI, el A1-S4-PR-08- Pago de Impuestos incluido ICA se encuentra actualizado pendiente de publicación, 2 por actualizar y publicar el A1-S4-PR-02 Gestión de Presupuesto y A1-S4-PR-04 Tramite de Cuentas por Pagar por crear 1. Alimentación. lo que se resume en un total de 4 procedimientos pendientes de actualización y de publicación. . Con respecto a los formatos una vez realizada la validación por la Subdirección Financiera quedaron un total de 34 formatos, de los cuales se actualizaron 20 se eliminaron 4, se crearon 5 quedando pendiente por 5 formatos 2 pendientes de eliminar correspondientes a los formatos A1-S4-FO-12 Kardex Contratos de Alimentación y A1-S4-FO-23 Control Manejo de Anticipos de Contrato de Obra y 3 que no fueron actualizados en la vigencia 2018 correspondientes a os formatos A1-S4-FO-01 solicitud del CDP certificado de disponibilidad presupuestal, A1-S4-FO-20 Solicitud de Modificación de Certificado de Disponibilidad Presupuestal "CDP" y/o Registro Presupuestal "RPC "y A1-S4-FO-20 Solicitud de Modificación de Certificado de Disponibilidad Presupuestal "CDP" y/o Registro Presupuestal "RPC". Para un cumplimiento del 85% con respecto a los 34 formatos elaborados al cierre de la vigencia 2018. En promedio el cumplimiento por esta meta para la vigencia 2018 es del 73% No se evidencia prueba documental de la validación realizada a cada uno de los procedimientos, el cual permita identificar el registró de la firma del funcionario que realizo la validación, las observaciones relacionadas de las necesidades de actualización o modificación, la fecha de validación y la firma de responsable del área en aceptación del proceso realizado. | H15: 8 | I15: 100
B17: Implementar los controles que aseguren la confiabilidad, integridad y disponibilidad de la información institucional | C17: Socializar en el tema de políticas contables dentro de la implementación de las Normas Internacionales de Información Financiera NICPS, a los funcionarios de la Subdirección Financiera (27) y al equipo Directivo de la entidad (13) | D17: Realizar socialización de las políticas contables dentro de la implementación de las Normas Internacionales de Información Financiera NICPS, a 40 Funcionarios | E17: Total funcionarios socializados / Total funcionarios a socializar | F17: 0.5 | G17: Resultado : 40 Funcionarios socializados en políticas contables - Normas Internacionales de Información Financiera NICPS Reporte Avance según Seguimiento a Plan de Acción Vigencia 2018 Primer Trimestre: No se tenían definidas metas a cargo de la Subdirección Financiera. Segundo Trimestre: Según Informe de Plan de Acción Institucional, " El Grupo de Contabilidad se reunió, para efectuar la implementación de las NIICSP, elaborando un plan de trabajo para la socialización de las mismos. Se realizaron capacitaciones para 6 funcionarios de la Subdirección financiera", es de anotar que en el Informe de Plan de Acción la meta reportada "Meta: Revisar, actualizar y ajustar todos los documentos de la Sub dirección Financiera"" no corresponde con el indicador "Indicador: Total funcionarios socializados/ Total funcionarios a socializar" ni con el avance. Según Seguimiento realizado por la OAPLA: El avance real se mide con base en la meta propuesta de 40 funcionarios socializados. 6/40 = 15% Tercer Trimestre: El Grupo de Contabilidad se reunió, para efectuar la implementación de las NIICSP, elaborando un plan de trabajo para la socialización de las mismos, se socializaron 13 servidores públicos 33% Directivos. 19/40 = 48% acumulado . Según Seguimiento realizado por la OAPLA: El acumulado para la fecha es de 19 funcionarios socializados. Según acta N. 1904 de fecha agosto 1 de 2018, se realizó " comité de sostenibilidad contable con el objeto de revisar las acciones realizadas referente a las NICSP y las políticas contables de la entidad" se dieron a conocer a un total de 17 funcionarios las acciones realizadas para la implementación de las NICSP y del Nuevo marco Normativo ( Diagnostico, capacitaciones, tareas realizadas en los estados Financieros , se presentan el modelo de las políticas contables pendientes de modificación por cada dependencia y de autorización por parte de la Dirección, Estado de Situación Financiera de Apertura ESFA y presentación de los estados Financieros con corte a marzo 30 y junio 30 de 2018 , lo anterior en relación con el nuevo marco normativo. Compromisos de la Reunión trabajar las políticas contables en el mes de agosto de 2018 y presentación de Estados Financieros a la DIRGEN para aprobación y firma. En el acta se registra hora de inicio y no se reporta hora de finalización Cuarto Trimestre: Mediante acta sin numero de fecha diciembre 5 de 2018 suscrita por funcionarios del grupo Contabilidad y Jefe de Oficina Asesora jurídica mediante la cual se socializa el proyecto de política contable de provisiones, pasivos y activos contingentes en la cual el compromiso es revisar y determinar la política definitiva. En el acta se registra hora de inicio pero no se reporta hora de finalización Mediante Acta sin numero de fecha diciembre 31 de 2018 suscrita por 11 funcionarios de las siguientes áreas: Grupo Contable( 4 funcionarios), Grupo de Tesorería(3 funcionarios) y de OTEC (4 funcionarios) se trataron temas de diagnostico de NICSP relacionadas con propiedad Planta y Equipo y deterio de los activos; de la cual se adquirieron los compromisos de verificar el inventario de tecnología con el contable. En el acta no se registra hora de inicio ni se registra hora de finalización. Mediante acta sin numero de fecha diciembre 3 de 2018 se solicita a la oficina de tecnología realizar el inventario de intangibles, se adquirió el compromiso de enviar por parte de contabilidad el formato y la información requerida de los intangibles. En el acta se registra hora de inicio y no se reporta hora de finalización Es de anotar que las actas no registran numero, hora de finalización de la reunión, lo que no permite determinar los tiempos destinados a las capacitaciones. En el mes de agosto de 2018 se presentó el borrador de las políticas contables a los directivos las cuales se encuentran pendientes de actualizar por cada dependencia responsable del proceso. En el mes de diciembre se socializó el proyecto de política contable, de provisiones pasivos y activos contingentes a un funcionario del área de Oficina de Según validación efectuada al cumplimiento de la meta se determina que al cierre de la vigencia 2018, no se tienen definidas las políticas contables por tanto no se cumple el indicador con respecto a la socialización de las mismas para los 40 funcionarios, esta se mide en función de capacitación en el tema de NICSP en un 50% la cual se realizo para 30 funcionarios solo en temas básicos del marco normativo dado que no se cuenta con la experiencia en el tema especifico del nuevo marco normativo, el avance con respecto al numero de personas que han recibido inducción en tema NICSP es del 75; el otro 50% se mide con respecto a socialización de las políticas contables las cuales al cierre de la vigencia no se encuentran implementadas, según soportes presentados se evidenció que se socializó solo para 1 funcionario Jefe de Oficina Asesora juridica;con respecto a lo anterior se establece que el cumplimiento es esta meta en promedio es del 50% sustentada en la capacitación básica relacionada en marco normativo de las NICSP y en revisión de política contable con un funcionario del área de Jurídica. El 50% restante de no cumplimiento se sustenta en la validación de los borradores de las políticas contables, con las áreas responsables del proceso, la emisión del documento definitivo firmado por la Alta Dirección y socialización a los funcionarios y capacitación en NICSP. | H17: 6 | I17: =(H17*I15)/H15 -> 75
B19: PROMEDIO AVANCE METAS | F19: =AVERAGE(F15:F17) -> 0.615
B20: Calificación de la Evaluación de la Dependencia | F20: =(F19/10)*100 -> 6.15
B21: 7. EVALUACIÓN DE LA OFICINA DE CONTROL INTERNO A LOS COMPROMISOS DE LA DEPENDENCIA: La Sub-Dirección Administrativa y Financiera definió para la vigencia 2018, compromisos asociados al cumplimiento de 1 Objetivo Institucional: Objetivo Estratégico: "Consolidar la cultura de calidad dentro de la institución mediante la interiorización y apropiación del SIGI, con el fin de atender con efectividad las necesidades del cliente institucional". Se programaron dos metas para el cumplimiento de este objetivo Meta 1 "Revisar, actualizar y ajustar todos los documentos de la Sub dirección Financiera", para su medición definió como indicador "Total procedimientos y formatos actualizados / procedimientos existentes; según evaluación este indicador no se cumplió, dado que de las actividades programadas para el cumplimiento de la meta con respecto a los procedimientos se dio cumplimiento en un 75% sustentada en un total de 10 procedimientos de los cuales se encuentran 6 actualizados, 3 por actualizar y 1 por crear y con respecto a los dos formatos se dio cumplimiento en un 85% sustentado en un total de 34 formatos al cierre de la vigencia 2018 de los cuales, se actualizaron 20, se eliminaron 4, se crearon 5 para un total de 29 formatos, quedando pendiente 5 formatos de los cuales 2 pendientes de eliminar y 3 que no fueron actualizados en la vigencia 2018, según SIGI se actualizaron en la vigencia 2019. Aunque se adelantaron gestiones para su cumplimiento se determinó que el cumplimiento ponderado del plan de acción para esta meta para la vigencia 2018, fue del 73%. Meta 2 "Socializar en el tema de políticas contables dentro de la implementación de las Normas Internacionales de Información Financiera NICPS, a los funcionarios, de la Subdirección Financiera (27) y al equipo Directivo de la entidad (13)". Para su medición definió como indicador "Total funcionarios socializados /Total funcionarios a socializar; según evaluación este indicador no se cumplió, dado que las actividades programadas para el cumplimiento de la meta no se realizaron en su totalidad al cierre de la vigencia 2018, teniendo en cuenta que las políticas contables definidas al cierre de la vigencia 2018 se encuentran en borrador, las cuales no han sido aprobadas por las diferentes áreas como tampoco por la Alta Dirección, por tanto el indicador se mide en función de capacitación en el tema de normas internacionales de contabilidad pública NICSP en un 50%, y para socialización de las políticas contables bajo el nuevo marco normativo aprobadas por la Alta Dirección el 50%; con respecto a lo anterior se establece que el cumplimiento de esta meta promediado es del 38% sustentada en la capacitación relacionada en el marco normativo de las NICSP, la cual se realizó para (30) treinta funcionarios y en revisión de política contable, las cuales no se realizaron en detalle para cada área con el fin de obtener las políticas definitivas para aprobación el proceso se realizó solo para (1) un funcionario del área de Jurídica; el 62% restante que no se cumplió se sustenta en la validación pendiente de los borradores de las políticas contables, emisión, aprobación del documento definitivo por la Alta Dirección y socialización a los funcionarios. (Información que fue verificada con el Coordinador del Grupo Contable en reunión sostenida el 21/01/2019 según acta N. 2533). Es de anotar que las actas remitidas como soporte de los avances del plan de acción no registran la hora de finalización de la reunión de tal forma que permita medir el tiempo de capacitación. Cabe resaltar que las metas establecidas por la Subdirección Financiera en el plan de acción para la vigencia 2018, no están acordes con la misionalidad del área dado que la gestión financiera está orientada a programar, controlar y registrar las operaciones financieras, de acuerdo con los recursos disponibles de la entidad, Integra las actividades relacionadas con la adquisición de bienes y servicios, la gestión de proyectos de inversión y la programación y ejecución del presupuesto, razón por la cual se considera que la metas definidas relacionadas con la actualización de procedimientos y formatos es una obligatoriedad de las funciones, con respecto a las Normas Internacionales de Contabilidad Pública- NICSP relacionadas con la capacitación de políticas contables son de obligatorio cumplimiento durante el desarrollo de la preparación e implementación del nuevo marco normativo, con el fin de identificar los factores de riesgo del proceso contable. Teniendo en cuenta que los indicadores definidos para el Sub-proceso de Gestión Financiera descritos en la Matriz de Indicadores Institucional para la vigencia 2018, no son concordantes con las metas establecidas en el Plan de Acción, la Oficina de Control Interno no se pronunciara sobre el rango de cumplimiento que permite determinar la eficacia, efectividad o eficiencia de la Gestión Financiera.
B22: La Oficina de Control Interno realiza la evaluación de dependencias en atención a lo dispuesto en el Artículo 39 de la Ley 909 de 2004, el Decreto 1227 de abril 21 de 2005 y la Circular 04 de septiembre 27 de 2005 del Consejo Asesor del Gobierno Nacional en Materia de Control Interno. Así mismo, corresponde a lo establecido por la Comisión Nacional del Servicios Civil en su Acuerdo 565 de 2016 mediante el cual se establece que “Dar a conocer a los responsables de la Evaluación del Desempeño, el resultado de la Evaluación de Gestión por Áreas o Dependencias (…) (Artículo 8°, Numeral 4). Para la Evaluación de Dependencias se adoptó como referente: a) La planeación institucional enmarcada en la visión, misión y objetivos del organismo; definida en la USPEC en el Plan de Acción Anual. b) Los objetivos institucionales por dependencia y sus compromisos relacionados; c) Los resultados de la ejecución por dependencias, de acuerdo con lo programado en la planeación institucional, contenidos en los informes de seguimiento de las Oficinas de Planeación. Para la puntuación del resultado de la evaluación por dependencias del que hace mención el Acuerdo 565 de 2016 de la CNSC (Artículo 17, Numeral 3) se estableció un sistema de calificación que homologa el avance porcentual en el cumplimiento de los compromisos definidos en la planeación institucional en puntos de 1 a 10, dividiendo por 10. La Oficina de Control Interno realizó la evaluación con base en la información reportada por la Oficina Asesora de Planeación teniendo en cuenta la aplicación y formulación de los indicadores de gestión y resultado diseñados por las áreas para la vigencia 2018. Se debe considerar que la OCI se podrá apartar de las calificaciones o resultados consolidados por la Oficina Asesora de Planeación en su seguimiento a los planes, programas y proyectos, como consecuencia de la verificación que realiza la OCI en los seguimientos a la gestión institucional.
B23: 8. RECOMENDACIONES DE MEJORAMIENTO DE LA OFICINA DE CONTROL INTERNO:
B24: 1. Establecer metas para la Subdirección Financiera que estén en concordancia con la misionalidad del área relacionadas con la gestión financiera e incluir acciones de seguimiento y definir indicadores de medición de cumplimiento de objetivos de impacto que tengan relación con el apoyo de la misión Institucional y que guarden coherencia con los definidos en el Plan de Acción Institucional. 2.Implementar mecanismos que permitan la participación de todos los funcionarios de la Subdirección en el cumplimiento de metas y objetivos Institucionales. 3.Establecer acciones tendientes a cumplir con el proceso de implementación las normas de información contable para el sector público (NICSP) de conformidad con los lineamientos y cronograma de la Contaduría General de la República. relacionadas con la socialización de las políticas contables bajo el nuevo marco normativo aprobadas por la Alta Dirección. 4. Articular las metas que sean definidas en el Plan de Acción de la vigencia 2019 con las acciones de mejora establecidas en respuesta a los hallazgos identificados en los informes de la Contraloría General de la República y que fueron suscritas en el Plan de Mejoramiento Institucional. 5. Dejar evidencia documental de los procesos de validación efectuados a los procedimientos y formatos en los cuales se evidencie el registró de la firma del funcionario que realizo la validación, las observaciones relacionadas de las necesidades de actualización o modificación de un procedimiento a formato, la fecha de validación y la firma de responsable del área en aceptación del proceso realizado. 6. Buscar mecanismos que permitan fortalecer los conocimientos en Normas Internacionales de Contabilidad Publica- NICSP y trasmitir la información a los funcionarios de la Unidad , con el fin de dar cumplimiento a la implementación y aplicación del nuevo marco normativo.
B26: 10. INFORME PRESENTADO POR: Oficina de Control Interno. | G26: Firma Jefe Oficina de Control Interno
G27: Formato en prueba de uso

Sheet SUBDIR ATENCIÓN ESTABLECIMIENTO
B2: EVALUACIÓN DE GESTIÓN POR DEPENDENCIAS
B3: OFICINA DE CONTROL INTERNO
B4: VIGENCIA 2018
B6: 1. ENTIDAD: | F6: 2. DEPENDENCIA A EVALUAR:
B7: Unidad de Servicios Penitenciarios y Carcelarios | F7: SUBAER
B8: 3. PROCESOS
B10: Gestión Administrativa y Financiera
B11: 4. OBJETIVOS ESTRATÉGICOS RELACIONADOS CON LA DEPENDENCIA
B12: Generar confianza y reconocimiento por raparte de los diferentes grupos de interés para asegurar el posicionamiento de la Entidad
B14: 5. COMPROMISOS ASOCIADOS AL CUMPLIMIENTO DEL OBJETIVO INSTITUCIONAL | E14: 6. MEDICIÓN DE COMPROMISOS
E15: 6.1. INDICADOR | F15: 6.2. RESULTADO % | G15: 6.3. ANÁLISIS DE RESULTADO
B16: ESTRATEGIA | C16: ACCIONES PROGRAMADAS | D16: META 2017
B17: Implementar los controles que aseguren la confiabilidad, integridad y disponibilidad de la información institucional | C17: Realizar gestión y seguimiento a los requerimientos de los diferentes Establecimientos de Reclusión del Orden Nacional recibidos por la Subdirección de Atención a Establecimientos de Reclusión | D17: Seguimiento a la totalidad de los requerimientos allegados a la SUBAER | E17: Total de requerimientos con seguimiento realizado / Total de requerimientos recibidos por la SUBAER * 100 | F17: 0.5 | G17: Reporte Avance según Plan de Acción El indicador mide la eficacia de los seguimientos realizados por la SUBAER. El resultado del indicador se sustenta en la información reportada en la "Matriz de Seguimiento a Requerimientos Dependencias Misionales Plan de Acción SUBAER Tercer Trimestre 2018" y en el formato "M4-S2-FO-20". Para los dos primeros trimestres de la vigencia 2018, no se reportan avances ya que la SUBAER fue incluida en el Plan de Acción Institucional únicamente a partir del segundo trimestre de 2018. Validada la información reportada por la Subdirección de Atención a Establecimientos, en relación con las actividades desarrolladas durante la vigencia 2018, se establece el avance de cumplimiento del Plan de Acción. Para la Vigencia 2018 se evidencia que la SUBAER recibe un total de 136 requerimientos de diferentes Establecimientos Penitenciarios y Carcelarios, discriminados así: Salud: 37, Infraestructura: 53, Suministro de Bienes: 25 y Suministro de Alimentación: 21. La totalidad de dichos requerimientos fueron tramitados ante las correspondientes áreas Misionales. La consolidación semanal de los requerimientos recibidos en temas Salud y Alimentación se realiza en el formato M4-S2-FO-20, documento en el cual se describe la novedad pero no siempre se registra la fecha en la cual se presenta; no se precisa la fecha en la cual se da traslado al área misional, ni tampoco información que evidencie seguimiento realizado. Una vez validada la información, se observó que del total de novedades reportadas según Matriz de Seguimiento a Requerimientos Dependencias Misionales Plan de Acción SUBAER" y en el formato M4-S2-FO-20" (Reporte de Novedades) aportados para tercer y cuarto trimestre de la vigencia 2018, no se consigna información que evidencie un seguimiento real y efectivo que permita determinar las acciones adelantadas frente a ciento uno (101) , es decir el 74% de las novedades reportadas y el seguimiento a las mismas. Por lo anterior se establece que el avance de cumplimiento durante la vigencia 2018, es del 50% sustentado en que de acuerdo al indicador el total de requerimientos recibidos por la SUBAER es de 136, en su totalidad tramitados a las áreas misionales pero en ninguno se reporta documentación soporte que permita determinar el seguimiento realizado por tanto se tiene en cuenta para el avance el tramite realizado o gestionado con las dependencias correspondientes. | H17: 84 | I17: =360/100 -> 3.6
B18: Implementar los controles que aseguren la confiabilidad, integridad y disponibilidad de la información institucional | C18: Realizar gestión y seguimiento a los requerimientos de los diferentes Establecimientos de Reclusión del Orden Nacional recibidos por la Subdirección de Atención a Establecimientos de Reclusión | D18: Dar cumplimiento al cronograma de actividades establecido por la SUBAER | E18: Total de actividades del cronograma cumplidas / Total de actividades programadas en cronograma * 100 | F18: 0.5 | G18: Considerando que únicamente hasta el Segundo Trimestre de la Vigencia 2018, la Subdirección de Atención a Establecimientos fue incluida en el Plan de Acción Institucional, se allega cronograma de trabajo de dicha Subdirección para Tercer y Cuarto Trimestre 2018, en el cual se evidencia actividad a realizar, responsable, fechas de inicio y finalización. Se evidencia que los líderes regionales remiten a la SUBAER la información recibida de los diferentes establecimientos y ERON. La SUBAER ha designado un funcionario responsable como enlace con Infraestructura y las Subdirecciones de Suministro de Bienes y Servicios para el trámite y gestión de requerimientos y novedades reportadas. Teniendo en cuenta que el cronograma de trabajo reportado por la SUBAER no incluye actividades de seguimiento establecidas en el plan de acción, el avance de cumplimiento se establece en un 50% sustentado en el cumplimiento de las actividades de gestión programadas, sin tener en cuenta el seguimiento para la vigencia 2018. | H18: 52
B19: PROMEDIO AVANCE METAS | F19: =AVERAGE(F17:F18) -> 0.5
B20: Calificación de la Evaluación de la Dependencia | F20: =(F19/10)*100 -> 5
B21: 7. EVALUACIÓN DE LA OFICINA DE CONTROL INTERNO A LOS COMPROMISOS DE LA DEPENDENCIA: La Oficina de Control Interno realiza la evaluación de dependencias en atención a lo dispuesto en el Artículo 39 de la Ley 909 de 2004, el Decreto 1227 de abril 21 de 2005 y la Circular 04 de septiembre 27 de 2005 del Consejo Asesor del Gobierno Nacional en Materia de Control Interno. Así mismo, corresponde a lo establecido por la Comisión Nacional del Servicios Civil en su Acuerdo 565 de 2016 mediante el cual se establece que “Dar a conocer a los responsables de la Evaluación del Desempeño, el resultado de la Evaluación de Gestión por Áreas o Dependencias (…) (Artículo 8°, Numeral 4). Para la Evaluación de Dependencias se adoptó como referente: a) La planeación institucional enmarcada en la visión, misión y objetivos del organismo; definida en la USPEC en el Plan de Acción Anual. b) Los objetivos institucionales por dependencia y sus compromisos relacionados; c) Los resultados de la ejecución por dependencias, de acuerdo con lo programado en la planeación institucional, contenidos en los informes de seguimiento de las Oficinas de Planeación. Para la puntuación del resultado de la evaluación por dependencias del que hace mención el Acuerdo 565 de 2016 de la CNSC (Artículo 17, Numeral 3) se estableció un sistema de calificación que homologa el avance porcentual en el cumplimiento de los compromisos definidos en la planeación institucional en puntos de 1 a 10, dividiendo por 10. La Oficina de Control Interno realizó la evaluación de la Oficina Asesora de Planeación teniendo en cuenta la aplicación y formulación los indicadores de gestión y resultado diseñados por las áreas para la vigencia 2017. Se debe considerar que la OCI se podrá apartar de las calificaciones o resultados consolidados por la Oficina Asesora de Planeación en su seguimiento a los planes, programas y proyectos, como consecuencia de la verificación que realiza la OCI en los seguimientos a la gestión institucional.
B22: CONCLUSIONES DE LA EVALUACIÓN Objetivo estratégico Generar confianza y reconocimiento por parte de los diferentes grupos de interés para asegurar el posicionamiento de la Entidad Para este objetivo se definieron 2 metas : Meta 1 : "Seguimiento a la totalidad de los requerimientos allegados a la SUBAER" El avance de cumplimiento durante la vigencia 2018, es del 50%, sustentado en que de 136 requerimientos, ninguno reporta documentación soporte que permita determinar el seguimiento realizado por tanto se tiene en cuenta para el avance el tramite realizado o gestionado con las dependencias correspondientes. Meta 1 :Dar cumplimiento al cronograma de actividades establecido por la SUBAER Teniendo en cuenta que el cronograma de trabajo reportado por la SUBAER no incluye actividades de seguimiento establecidas en el plan de acción el avance de cumplimiento se establece en un 50% sustentado en el cumplimiento de las actividades programadas sin tener en cuenta el seguimiento para la vigencia 2018.
B23: 8. RECOMENDACIONES DE MEJORAMIENTO DE LA OFICINA DE CONTROL INTERNO:
B24: Se recomienda fortalecer el seguimiento a las novedades reportadas a la SUBAER, de tal manera que sea posible evidenciar el resultado final de la gestión realizada por las áreas misionales. Se debe implementar controles que garanticen en términos de oportunidad y eficacia la gestión adelantada por SUBAER en cuanto al trámite y seguimiento realizado. Implementar herramientas que permita clasificar estadísticamente las novedades reportadas por clase, frecuencia, regional y establecimiento.
B25: 9. FECHA: 31 de Enero de 2019
B26: 10. INFORME PRESENTADO POR: Oficina de Control Interno. | G26: JOSÉ JORGE ROCA MARTÍNEZ - Jefe Oficina de Control Interno
G27: Formato en prueba de uso

Sheet SUBDIRADTVA ATCIUDADANO
B2: EVALUACIÓN DE GESTIÓN POR DEPENDENCIAS
B3: OFICINA DE CONTROL INTERNO
B4: VIGENCIA 2018
B6: 1. ENTIDAD: | F6: 2. DEPENDENCIA A EVALUAR:
B7: Unidad de Servicios Penitenciarios y Carcelarios | F7: Subdirección Administrativa Grupo Atención al Ciudadano
B8: 3. PROCESOS
B9: Gestión Administrativa y Financiera
B11: 4. OBJETIVOS ESTRATÉGICOS RELACIONADOS CON LA DEPENDENCIA
B12: Objetivo Estratégico: Generar confianza y reconocimiento por los diferentes grupos de interés para asegurar el posicionamiento de la Entidad.
B14: 5. COMPROMISOS ASOCIADOS AL CUMPLIMIENTO DEL OBJETIVO INSTITUCIONAL | E14: 6. MEDICIÓN DE COMPROMISOS
E15: 6.1. INDICADOR | F15: 6.2. RESULTADO % | G15: 6.3. ANÁLISIS DE RESULTADO
B16: ESTRATEGIA | C16: ACCIONES PROGRAMADAS | D16: META 2018
B17: Generar confianza y reconocimiento por parte de los diferentes grupos de interés para asegurar el posicionamiento de la Entidad | C17: Realizar 4 foros de las áreas misionales por medio de la página WEB | D17: Dar a conocer la gestión de la USPEC en 4 ferias de Atención al Ciudadano | E17: Foros realizados/Foros Propuestos | F17: 0.65 | G17: Política de Gestión y Desempeño Institucional: Servicio al Ciudadano Dirección Administrativa y Financiera – Grupo Atención al Ciudadano: Avance 1° trimestre: 25.00%. Participación en la Feria de Manaure, atendiendo a 130 personas de la zona, Se brindó la información de la misión de la Unidad y se respondieron las inquietudes. Se realizaron 13 encuestas dando un 84.6% de satisfacción en la atención. Revisión Control Interno: Como Meta se tiene Realizar 4 foros de las áreas misionales por medio de la página WEB Atención al Ciudadano, se valida la documentación enviada donde realizaon los foro enviando los enlaces de 4 foros pero no hubo interaccion en la totalidad dando a entender que no se dio a conocer la misionalidad mediante esta meta o accion programada. En la documentación enviada se valida que se realizaron los registros de los foro de Alimentación, Salud, Bienes e infraestructura. 1.Foro Conoce Usted el Procedimiento que garantiza la prestación del servicio de salud a las personas participacopn de 3 Voluntarios 2. Foro Atención Necesidades Sistema Penitenciario y Carcelario participacion 1 Voluntario 3. Foro Foro de Alimentación para PPL 3 voluntarios 4. ¿ Que quiere conocer de los mantenimientos que se les da a los 132 Establecimientos del Orden Nacional? 1 Voluntario 5. Realizaron 1 Feria de Manaure, atendiendo a 130 personas de la zona, no se evidencia documentación de la encuesta a los funcionarios. Entre los soportes que enviaron se evidenciaron los siguientes: Enlaces: de la publicación de los foros. https://www.uspec.gov.co/?page_id=12812 --- Foro Infraestructura ttps://www.uspec.gov.co/?page_id=10773 --- Suministro de Bienes https://www.uspec.gov.co/?page_id=9578 --- Foro Alimentación https://www.uspec.gov.co/?page_id=8824 --- Foro Salud Y se realizo la Capacitación de 198 Funcionarios
B18: Generar confianza y reconocimiento por parte de los diferentes grupos de interés para asegurar el posicionamiento de la Entidad | C18: Realizar actividades de socialización al 50% de los servidores públicos referente al procedimiento de Servicio al Ciudadano | D18: Socializar al 50% de los servidores públicos de la Unidad referente la importancia de dar las respuestas a tiempo y de fondo a los requerimientos de la ciudadanía. | E18: Servidores públicos socializados /Servidores públicos propuestos | F18: 0.95 | G18: Dirección Administrativa y Financiera - Coordinador Atención al Ciudadano: Avance 3° Trimestre 50,00%. Acumulado 75,00%. Los foros virtuales de Alimentación y de Bienes, fueron publicados en la página Institucional, y se llevaron a cabo el 4 de julio y el día 19 de septiembre respectivamente. El foro programado para la Dirección de Infraestructura, se realizará en el mes de octubre, con el cual se completaría el 100% de la meta trazada en el Plan de Acción del año en curso Revisión Control Interno: En las actividades de socilizacion al 50 % de los funciponarios Publicos en la entidad se evidenciaron los registros de asistencia de los eventos mencinados a continuacion. 1. Memorando 008422 de 2018 Cronograma Sensibilización de atención al ciudadano, 2. Acata Prueba Piloto Sin número de Radicado, 3. Registros de asistencia a las capacitaciones y video conferencias. Los soportes fueron enviados de forma digital al correo y están almacenados en la carpeta EV_Dependencias_2018 Atención Al Ciudadano. Tienen 3 indicadores diferentes en la matriz de indicadores
B21: PROMEDIO AVANCE METAS | F21: =AVERAGE(F17:F20) -> 0.8
B22: Calificación de la Evaluación de la Dependencia | F22: =(F21/10)*100 -> 8
B23: 7. EVALUACIÓN DE LA OFICINA DE CONTROL INTERNO A LOS COMPROMISOS DE LA DEPENDENCIA: La Oficina de Control Interno realiza la evaluación de dependencias en atención a lo dispuesto en el Artículo 39 de la Ley 909 de 2004, el Decreto 1227 de abril 21 de 2005 y la Circular 04 de septiembre 27 de 2005 del Consejo Asesor del Gobierno Nacional en Materia de Control Interno. Así mismo, corresponde a lo establecido por la Comisión Nacional del Servicios Civil en su Acuerdo 565 de 2016 mediante el cual se establece que “Dar a conocer a los responsables de la Evaluación del Desempeño, el resultado de la Evaluación de Gestión por Áreas o Dependencias (…) (Artículo 8°, Numeral 4). Para la Evaluación de Dependencias se adoptó como referente: a) La planeación institucional enmarcada en la visión, misión y objetivos del organismo; definida en la USPEC en el Plan de Acción Anual. b) Los objetivos institucionales por dependencia y sus compromisos relacionados; c) Los resultados de la ejecución por dependencias, de acuerdo con lo programado en la planeación institucional, contenidos en los informes de seguimiento de las Oficinas de Planeación. Para la puntuación del resultado de la evaluación por dependencias del que hace mención el Acuerdo 565 de 2016 de la CNSC (Artículo 17, Numeral 3) se estableció un sistema de calificación que homologa el avance porcentual en el cumplimiento de los compromisos definidos en la planeación institucional en puntos de 1 a 10, dividiendo por 10. La Oficina de Control Interno realizó la evaluación de la Oficina Asesora de Planeación teniendo en cuenta la aplicación y formulación los indicadores de gestión y resultado diseñados por las áreas para la vigencia 2017. Se debe considerar que la OCI se podrá apartar de las calificaciones o resultados consolidados por la Oficina Asesora de Planeación en su seguimiento a los planes, programas y proyectos, como consecuencia de la verificación que realiza la OCI en los seguimientos a la gestión institucional. Se recomienda hacer revisión periódica de los foros y realizarlos mas constantes, de igual manera se recomienda programar las ferias proporcional al año por cada trimestre.
B24: CONCLUSIONES DE LA EVALUACIÓN La Oficina de Control Interno realiza la evaluación de dependencias en atención a lo dispuesto en el Artículo 39 de la Ley 909 de 2004, el Decreto 1227 de abril 21 de 2005 y la Circular 04 de septiembre 27 de 2005 del Consejo Asesor del Gobierno Nacional en Materia de Control Interno. Así mismo, corresponde a lo establecido por la Comisión Nacional del Servicios Civil en su Acuerdo 565 de 2016 mediante el cual se establece que “Dar a conocer a los responsables de la Evaluación del Desempeño, el resultado de la Evaluación de Gestión por Áreas o Dependencias (…) (Artículo 8°, Numeral 4). Para la Evaluación de Dependencias se adoptó como referente: a) La planeación institucional enmarcada en la visión, misión y objetivos del organismo; definida en la USPEC en el Plan de Acción Anual. b) Los objetivos institucionales por dependencia y sus compromisos relacionados; c) Los resultados de la ejecución por dependencias, de acuerdo con lo programado en la planeación institucional, contenidos en los informes de seguimiento de las Oficinas de Planeación. Para la puntuación del resultado de la evaluación por dependencias del que hace mención el Acuerdo 565 de 2016 de la CNSC (Artículo 17, Numeral 3) se estableció un sistema de calificación que homologa el avance porcentual en el cumplimiento de los compromisos definidos en la planeación institucional en puntos de 1 a 10, dividiendo por 10. La Oficina de Control Interno realizó la evaluación de la Oficina de Tecnología teniendo en cuenta la aplicación y formulación los indicadores de gestión y resultado diseñados por las áreas para la vigencia 2018. Se debe considerar que la OCI se podrá apartar de las calificaciones o resultados consolidados por la Oficina Asesora de Planeación en su seguimiento a los planes, programas y proyectos, como consecuencia de la verificación que realiza la OCI en los seguimientos a la gestión institucional. La Subdirección Administrativa Grupo Atención al Ciudadano definió para su plan estratégico 2018, compromisos asociados al Ferias y Foros 1. Objetivo estratégico: Generar confianza y reconocimiento por los diferentes grupos de interés para asegurar el posicionamiento de la Entidad: Meta 1: Dar a conocer la gestión de la USPEC en 4 ferias de Atención al Ciudadano: Solo se realizó una feria en el primer semestre relacionado con lo programado debían realizar 4 ferias, poseen acatas de la actividad, no se evidencia la encuesta realizada la cual nos permite tomar medidas estadísticas de la evaluación y su Objetivo estratégico principal que es darse a conocer, se sugiere actividades por trimestre para lograr la efectividad programada y acorde con los soportes no se evidencia la programación de los foros en el plan de acción. Meta 2: Realización de foros y Capacitación: En el segundo semestre se realizaron los foro de Alimentación, Salud, Bienes e infraestructura. Enlaces: de la publicación de los foros. https://www.uspec.gov.co/?page_id=12812 --- Foro Infraestructura https://www.uspec.gov.co/?page_id=10773 --- Suministro de Bienes https://www.uspec.gov.co/?page_id=9578 --- Foro Alimentación https://www.uspec.gov.co/?page_id=8824 --- Foro Salud Capacitación de 198 Funcionarios Cabe descartar que las metas establecidas por La Subdirección Administrativa Grupo Atención al Ciudadano para su plan de acción 2018, Participaron en Ferias y en foros Con un Avance al Primer trimestre de 25,00%
B25: 8. RECOMENDACIONES DE MEJORAMIENTO DE LA OFICINA DE CONTROL INTERNO:
B26: 1. Organizar las metas que se establecen el Plan de Acción 2. Desarrollar las actividades en los trimestres programados para poder llevar la trazabilidad en los procesos o eventos programados. 3. Documentar los eventos mediante informes, registros fotográficos y listados de asistencia. 4. Definir encuestas de satisfacción ciudadana frente a los servicios misionales de la Entidad razon al haber poca particip'acion y/o divulgacion no se da a conocer de forma satisfactoria.
B27: 9. FECHA: 23/01/2019
B28: 10. INFORME PRESENTADO POR: Oficina de Control Interno. | G28: Firma Jefe Oficina de Control Interno
G29: Formato en prueba de uso

Sheet SUBDIRADTVA ADMONPERSONAL
A1: EVALUACIÓN DE GESTIÓN POR DEPENDENCIAS
A2: OFICINA DE CONTROL INTERNO
A3: VIGENCIA 2018
A5: 1. ENTIDAD: | E5: 2. DEPENDENCIA A EVALUAR:
A6: Unidad de Servicios Penitenciarios y Carcelarios | E6: DIRECCIÓN ADMINISTRATIVA Y FINANCIERA- SUB-ADMINISTRATIVA-GRUPO ADMINISTRACIÓN DE PERSONAL
A7: 3. PROCESOS
A8: GESTIÓN DEL TALENTO HUMANO
A10: 4. OBJETIVOS ESTRATÉGICOS RELACIONADOS CON LA DEPENDENCIA
A11: Fortalecer la cultura organizacional a través del desarrollo de competencias y bienestar integral del talento humano para afianzar el compromiso institucional
A13: 5. COMPROMISOS ASOCIADOS AL CUMPLIMIENTO DEL OBJETIVO INSTITUCIONAL | D13: 6. MEDICIÓN DE COMPROMISOS
D14: 6.1. INDICADOR | E14: 6.2. RESULTADO % | F14: 6.3. ANÁLISIS DE RESULTADO
A15: ESTRATEGIA | B15: ACCIONES PROGRAMADAS | C15: META 2017
A16: Fortalecer la planta de personal de la entidad | B16: Establecer y desarrollar cronograma de trabajo para Rediseño institucional | C16: Culminar el rediseño institucional para ser presentado a las instancias competentes. Estudio actualizado y presentado ante las instancias correspondientes (MIJ, DAFP, MHCP) | D16: Avance del cronograma de trabajo para Rediseño institucional | E16: 0.85 | F16: De acuerdo con la información siniestrada por el Grupo de Administración de personal mediante correo electrónico de fecha 21 de enero de 2019 se evidenciaron las siguientes actividades: Suscripción Convenio Interadministrativo N° 544 del 15 de junio de 2017entre la ESAP y la USPEC. Estudio técnico, Propuesta de estructura administrativa, Propuesta de planta de personal, Propuesta de distribución en planta de personal, Ajuste del manual de funciones y competencias. Escuela Superior de Administración Pública con fecha 14 de diciembre de 2017, entrega del estudio técnico al director Dr. Juan Carlos Restrepo P. Suscripción del Convenio Interadministrativo N°555 del 26 de enero de 2018 suscrito entre la ESAP y la USPEC, se adiciono un cronograma de actividades ESAP (febrero) Se realizó la presentación del estudio actualizado del rediseño de la USPEC, al DAFP según oficio No.R-2018-012608 de fecha 31de julio de 2018, al MHCP según oficio No. E-2018-011217 de fecha 11de julio de 2018,no se adjunto el rediseño actualizado, solamente se solicita la viabilidad presupuestal para el rediseño de recursos. Se elaboró proyecto de decreto de modificación de la estructura de la USPEC y proyecto modificación manual de funciones de la USPEC. Las repuestas dadas por el MHCP y DAFP no fueron favorables para la USPEC, según oficios Nos: Rad- 2-2018-027675 de fecha 10 de agosto de 2018, y Rad.20184000181071 de fecha 3 de agosto de 2018. En este sentido se concluye que el estudio no finalizó dado que tiene que ser ajustado para su nueva presentación ante DAFP y MinHacienda.
A17: Fortalecer la planta de personal de la entidad | B17: Adelantar las actividades establecidas en el Plan Anual de Vacantes | C17: Desarrollar el Plan Anual de Vacantes Culminado | D17: Total de actividades realizadas / total de actividades planeadas | E17: 0.65 | F17: De acuerdo a la información suministrada por el Grupo de Administración de Personal, mediante correo electrónico de fecha 21 de enero de 2019, no se evidenció elaborado el plan anual de vacantes para la vigencia 2018 de la entidad. Se evidenció la actualización mensual de vacantes de la USPEC, no se informó el cumplimiento del literal b) artículo 15, de la ley 909 de 2004,el cual prescribe "Elaborar el plan anual de vacantes y remitirlo al Departamento Administrativo de la Función Pública, información que será utilizada para la planeación del recurso humano y la formulación de políticas" El indicador no determina en forma cuantitativa las actividades planteadas y realizadas; según informe se observó un total de cargos provistos a 31 de diciembre de 2018 de 353, equivalente al 69,48% del total de cargos de la planta de 508, y 153 vacantes equivalente al 30,11% del total de cargos de la planta.
A18: Fortalecer la planta de personal de la entidad | B18: Adelantar las actividades establecidas en el Plan de Previsión de Recursos Humanos | C18: Desarrollar el Plan de Previsión de Recursos Humanos. 'Plan de Previsión de Recursos Humanos ejecutado | D18: Total de actividades realizadas / total de actividades planeadas | E18: 0.65 | F18: De acuerdo a la información suministrada por el Grupo de Administración de Personal, se evidenció la siguiente información: 1.Informe de previsión de recursos humanos. 2. Registro actas de posesión y actos administrativos de encargo. 3. Proyección Gastos de Personal. No se evidenció el Plan de recursos para la vigencia 2018 para establecer una programación de actividades a realizar, tampoco se estableció el número de empleos a proveer en la vigencia 2018 y la estrategia de provisión: artículo 17 de la Ley 909 de 2004, la cual determina: “1. Todas las unidades de personal o quienes hagan sus veces de los organismos o entidades a las cuales se les aplica la presente ley, deberán elaborar y actualizar anualmente planes de previsión de recursos humanos que tengan el siguiente alcance: a) Cálculo de los empleos necesarios, de acuerdo con los requisitos y perfiles profesionales establecidos en los manuales específicos de funciones, con el fin de atender a las necesidades presentes y futuras derivadas del ejercicio de sus competencias; b) Identificación de las formas de cubrir las necesidades cuantitativas y cualitativas de personal para el período anual, considerando las medidas de ingreso, ascenso, capacitación y formación; c) Estimación de todos los costos de personal derivados de las medidas anteriores y el aseguramiento de su financiación con el presupuesto asignado.
A19: Fortalecer la planta de personal de la entidad | B19: Realizar las actividades establecidas en el cronograma de trabajo para el desarrollo de la sistematización del proceso de certificaciones laborales | C19: Sistematizar la expedición de las certificaciones laborales. 'Sistematización de la expedición de las certificaciones laborales. | D19: Total de actividades realizadas / Total de actividades planeadas | E19: 0.74 | F19: De acuerdo a la información suministrada, mediante correo electrónico de fecha 21 de enero de 2019, se evidenció las carpetas de Certificaciones de ingresos 100% elaboradas que corresponden al 50% de la meta, y un avance de Certificaciones de funciones del 47 % elaboradas (203 de 431), que corresponden al 24% de la meta para un total de avance de la meta 74%
A20: PROMEDIO AVANCE METAS | E20: =AVERAGE(E16:E19) -> 0.7225
A21: Calificación de la Evaluación de la Dependencia | E21: =(E20/10)*100 -> 7.225
A22: 7. EVALUACIÓN DE LA OFICINA DE CONTROL INTERNO A LOS COMPROMISOS DE LA DEPENDENCIA: La Oficina de Control Interno realiza la evaluación de dependencias en atención a lo dispuesto en el Artículo 39 de la Ley 909 de 2004, el Decreto 1227 de abril 21 de 2005 y la Circular 04 de septiembre 27 de 2005 del Consejo Asesor del Gobierno Nacional en Materia de Control Interno. Así mismo, corresponde a lo establecido por la Comisión Nacional del Servicios Civil en su Acuerdo 565 de 2016 mediante el cual se establece que “Dar a conocer a los responsables de la Evaluación del Desempeño, el resultado de la Evaluación de Gestión por Áreas o Dependencias (…) (Artículo 8°, Numeral 4). Para la Evaluación de Dependencias se adoptó como referente: a) La planeación institucional enmarcada en la visión, misión y objetivos del organismo; definida en la USPEC en el Plan de Acción Anual. b) Los objetivos institucionales por dependencia y sus compromisos relacionados; c) Los resultados de la ejecución por dependencias, de acuerdo con lo programado en la planeación institucional, contenidos en los informes de seguimiento de las Oficinas de Planeación. Para la puntuación del resultado de la evaluación por dependencias del que hace mención el Acuerdo 565 de 2016 de la CNSC (Artículo 17, Numeral 3) se estableció un sistema de calificación que homologa el avance porcentual en el cumplimiento de los compromisos definidos en la planeación institucional en puntos de 1 a 10, dividiendo por 10. La Oficina de Control Interno realizó la evaluación de la Oficina Asesora de Planeación teniendo en cuenta la aplicación y formulación los indicadores de gestión y resultado diseñados por las áreas para la vigencia 2017. Se debe considerar que la OCI se podrá apartar de las calificaciones o resultados consolidados por la Oficina Asesora de Planeación en su seguimiento a los planes, programas y proyectos, como consecuencia de la verificación que realiza la OCI en los seguimientos a la gestión institucional.
A23: CONCLUSIONES DE LA EVALUACIÓN: El grupo de Administración de personal desarrollo las actividades planeadas, aunque no estableció un indicador cuantitativo medible respecto de las actividades a realizar.
A24: 8. RECOMENDACIONES DE MEJORAMIENTO DE LA OFICINA DE CONTROL INTERNO:
A25: Es necesario establecer los indicadores en forma cuantitativa para evaluar el cumplimiento de las metas y actividades planteadas vs las realizadas. Formular el plan anual de vacantes y plan de Previsión de Recursos Humanos de acuerdo a lo establecido en la normatividad vigente. (Ley 909 de 2004)
A26: 9. FECHA:
A27: 10. INFORME PRESENTADO POR: Oficina de Control Interno. | F27: Firma Jefe Oficina de Control Interno
F28: Formato en prueba de uso

Sheet SUBDIRADTVA TALHUMANO
A1: EVALUACIÓN DE GESTIÓN POR DEPENDENCIAS
A2: OFICINA DE CONTROL INTERNO
A3: VIGENCIA 2018
A5: 1. ENTIDAD: | E5: 2. DEPENDENCIA A EVALUAR:
A6: Unidad de Servicios Penitenciarios y Carcelarios | E6: DIRECCIÓN ADMINISTRATIVA Y FINANCIERA- SUB-ADMINISTRATIVA-GRUPO TALENTO HUMANO
A7: 3. PROCESOS
A8: GESTIÓN DEL TALENTO HUMANO
A10: 4. OBJETIVOS ESTRATÉGICOS RELACIONADOS CON LA DEPENDENCIA
A11: Fortalecer la cultura organizacional a través del desarrollo de competencias y bienestar integral del talento humano para afianzar el compromiso institucional
A13: 5. COMPROMISOS ASOCIADOS AL CUMPLIMIENTO DEL OBJETIVO INSTITUCIONAL | D13: 6. MEDICIÓN DE COMPROMISOS
D14: 6.1. INDICADOR | E14: 6.2. RESULTADO % | F14: 6.3. ANÁLISIS DE RESULTADO
A15: ESTRATEGIA | B15: ACCIONES PROGRAMADAS | C15: META 2017
A16: Fortalecer la planta de personal de la entidad | B16: Adelantar las actividades establecidas en el Plan Institucional de Capacitación PIC | C16: Desarrollar el Plan de Capacitación. Plan de Capacitación Institucional PIC ejecutado | D16: Total de actividades realizadas / total de actividades planeadas | E16: 0.75 | F16: De acuerdo a la información suministrada, se evidenció el plan de capacitación institucional incluido dentro del plan de bienestar social, y aprobado mediante resolución No.404 de fecha 5 junio de 2018, con un presupuesto de $30.000.000,mediante acta No.1283 del 5 de marzo de 2018 la comisión de personal aprobó los siguientes cursos: Excel avanzado, Sistemas básicos, y Competencias laborales y comportamentales. Revisados los sopores enviados no se evidenció la ejecución del presupuesto de capacitación por valor de $30,000,000 de estos cursos, porque los estudios previos fueron devueltos por contractual 4 veces porque no cumplían con especificaciones. No obstante se evidenciaron constancias de 10 capacitaciones a cero costo con otras entidades para dar cumplimiento a las dimensiones de:( Saber. Hacer, Ser). Se hace necesario establecer el indicador medible y cuantificar el número de capacitaciones a realizar durante la vigencia, para medir el indicador respecto a las capacitaciones efectivamente realizadas, por esta razón se dificulta la medición con exactitud del indicador para evaluar el resultado del PIC. De acuerdo al tipo de indicador y rango de gestión establecido en la matriz de indicadores y el porcentaje de la meta fue del (90%),de acuerdo al cumplimento de la actividad y el indicador establecido no fue eficiente el indicador.
A17: Fortalecer la planta de personal de la entidad | B17: Adelantar las actividades establecidas en el Plan de bienestar e incentivos | C17: Desarrollar el Plan de bienestar e incentivos | D17: Total de actividades realizadas / total de actividades planeadas | E17: 0.9 | F17: De acuerdo a la información suministrada, se constató mediante actas Nos:1282 del 2018, la presentación del proyecto de incentivos para los servidores públicos de la entidad a la Comisión de Personal de la USPEC para la vigencia 2017 por valor de $15.000.000, posteriormente se aprueban los incentivos mediante acta No.1283 fe fecha 15 de marzo de 2018 y a la vez se informa que los servidores que ostentan los cargos de libre nombramiento y remoción para la vigencia 2017, no cumplen con los requisitos para acceder a estos incentivos, por lo tanto el 50% del presupuesto asignado se distribuirá en los niveles de asistencial, técnico y profesional y el otro 50% en grupos de trabajo. Mediante Resolución No.789 del 27 de septiembre de 2018 se realizó la entrega de los incentivos no pecuniarios correspondiente al 50% del valor inicial, los incentivos pecuniarios se declararon desiertos porque no se presentaron equipos de trabajo, el plan de bienestar cumplió las actividades como: programa integral de salud y deporte, programa de calidad de vida personal y familiar, programa de calidad de vida, y elementos de estimulo y bienestar. De acuerdo al tipo de indicador y rango de gestión establecido en la matriz de indicadores, el porcentaje de la meta fue del 90% de acuerdo con el cumplimiento de la actividad.
A18: Fortalecer la planta de personal de la entidad | B18: Adelantar las actividades establecidas en e Plan de seguridad y salud en el trabajo | C18: Desarrollar el Plan de seguridad y salud en el trabajo. | D18: Total de actividades realizadas / total de actividades planeadas | E18: 0.8 | F18: De acuerdo a la información suministrada por el Grupo de Talento Humano, se evidenció que se avanzó en las siguientes actividades contempladas en el Plan de seguridad y salud en el trabajo- SGSST, información verificada por la Oficina de Control Interno: - Batería del Riesgo Psicosocial a los servidores públicos de la Entidad en el 100% - Se realiza prevenciones en salud de las condiciones de salud (programa cardio) a los funcionarios de la USPEC - Se realizan exámenes ocupacionales de los servidores públicos de la USPEC. Se realizaron exámenes médicos a 260 servidores públicos del total de 359 de servidores en el mes de agosto/18 - Se realizó encuesta a nivel nacional a los funcionarios de la USPEC del PVE- DMS (desordenes musculare esqueléticos) - Actividades de promoción y prevención de salud de los funcionarios de la USPEC, para disminuir el ausentismo de los funcionarios públicos de la USPEC por enfermedad general y prevenir las enfermedades laborales y accidentes de trabajo ocasionadas por la exposición a riesgos ocupacionales. - Se realizó el simulacro distrital y se conformaron brigadas de emergencia. -Se elabora el Manual del SGSST y se envía a planeación para revisión con avance del 75%. En el cuadro adjunto se resume el informe presentado con corte a noviembre de 2018.
A19: Fortalecer la planta de personal de la entidad | B19: Adelantar las actividades establecidas para la Medición, análisis y mejoramiento del clima organizacional | C19: Desarrollar la medición, análisis y mejoramiento del clima organizacional. 'Programa para la medición, análisis y mejoramiento del clima organizacional ejecutado | D19: Total de actividades realizadas / total de actividades planeadas | E19: 0.66 | F19: Se inicia en el mes de julio la aplicación de la encuesta de medición del clima laboral. Se entrega informe final de resultados en el mes de agosto de 2018. Es necesario presentar el informe a Comité Directivo para su análisis y recomendaciones. Es también necesario formular un plan de intervención. El plan requiere de seguimiento para asegurar su implementación.
A20: Fortalecer la planta de personal de la entidad | B20: Realizar las actividades establecidas en el cronograma de trabajo para la implementación de evaluación del personal provisional | C20: Evaluación del desempeño de los empleados públicos en provisionalidad. 'Cumplimiento al cronograma de trabajo establecido | D20: Total de actividades realizadas / Total de actividades planeadas | E20: 0.8 | F20: De acuerdo a la información suministrada por el Grupo de Talento Humano mediante correo electrónico de fecha 21 de enero de 2019, se evidenció las siguientes actividades: -Se elaboraron los formatos para la calificación de desempeño de los provisionales de la USPEC a nivel: profesional, técnico, asistencial, con personal a cargo y evaluación definitiva en cumplimiento del decreto 815 del 8 de mayo de 2018. -Se elaboró la resolución de evaluación provisionales 2018 de la USPEC, pendiente de aprobación y firma.
A21: PROMEDIO AVANCE METAS | E21: =AVERAGE(E16:E20) -> 0.782
A22: Calificación de la Evaluación de la Dependencia | E22: =(E21/10)*100 -> 7.82
A23: 7. EVALUACIÓN DE LA OFICINA DE CONTROL INTERNO A LOS COMPROMISOS DE LA DEPENDENCIA: La Oficina de Control Interno realiza la evaluación de dependencias en atención a lo dispuesto en el Artículo 39 de la Ley 909 de 2004, el Decreto 1227 de abril 21 de 2005 y la Circular 04 de septiembre 27 de 2005 del Consejo Asesor del Gobierno Nacional en Materia de Control Interno. Así mismo, corresponde a lo establecido por la Comisión Nacional del Servicios Civil en su Acuerdo 565 de 2016 mediante el cual se establece que “Dar a conocer a los responsables de la Evaluación del Desempeño, el resultado de la Evaluación de Gestión por Áreas o Dependencias (…) (Artículo 8°, Numeral 4). Para la Evaluación de Dependencias se adoptó como referente: a) La planeación institucional enmarcada en la visión, misión y objetivos del organismo; definida en la USPEC en el Plan de Acción Anual. b) Los objetivos institucionales por dependencia y sus compromisos relacionados; c) Los resultados de la ejecución por dependencias, de acuerdo con lo programado en la planeación institucional, contenidos en los informes de seguimiento de las Oficinas de Planeación. Para la puntuación del resultado de la evaluación por dependencias del que hace mención el Acuerdo 565 de 2016 de la CNSC (Artículo 17, Numeral 3) se estableció un sistema de calificación que homologa el avance porcentual en el cumplimiento de los compromisos definidos en la planeación institucional en puntos de 1 a 10, dividiendo por 10. La Oficina de Control Interno realizó la evaluación de la Oficina Asesora de Planeación teniendo en cuenta la aplicación y formulación los indicadores de gestión y resultado diseñados por las áreas para la vigencia 2017. Se debe considerar que la OCI se podrá apartar de las calificaciones o resultados consolidados por la Oficina Asesora de Planeación en su seguimiento a los planes, programas y proyectos, como consecuencia de la verificación que realiza la OCI en los seguimientos a la gestión institucional.
A24: La calificación de la dependencia es de 6 puntos.
A25: 8. RECOMENDACIONES DE MEJORAMIENTO DE LA OFICINA DE CONTROL INTERNO:
A26: Es necesario establecer los indicadores en forma cuantitativa para evaluar el cumplimiento de las metas y actividades planeadas vs las realizadas. Se debe tener en cuenta en la nueva sede las recomendaciones de la Matriz de Peligros y Riesgos que se debe levantar para poder generar los planes de acción 2019 el cual se estaba trabajando bajo la matriz de la antigua sede. Se deben realizar las recomendaciones de la Batería de Riesgo Psicosocial de las capacitaciones y las de carácter legal con la Brigada de Emergencia, Comité de Convivencia Laboral, COPASST. Finalizar y aplicar la metodología de evaluación de desempeño a los provisionales de la entidad, en cumplimiento a la normatividad vigente. Realizar el levantamiento del documento base de las brigadas para la vigencia 2019 por cambio de sede.
A27: 9. FECHA:
A28: 10. INFORME PRESENTADO POR: Oficina de Control Interno. | F28: Firma Jefe Oficina de Control Interno
F29: Formato en prueba de uso

Sheet SUBDIRADTVA DOCUMENTAL
A1: EVALUACIÓN DE GESTIÓN POR DEPENDENCIAS
A2: OFICINA DE CONTROL INTERNO
A3: VIGENCIA 2018
A5: 1. ENTIDAD: | E5: 2. DEPENDENCIA A EVALUAR:
A6: Unidad de Servicios Penitenciarios y Carcelarios | E6: DIRECCIÓN ADMINISTRATIVA Y FINANCIERA- SUB-ADMINISTRATIVA-GRUPO DOCUMENTAL
A7: 3. PROCESOS
A8: Gestión Administrativa y Financiera
A9: Sub proceso de Gestión Documental
A10: 4. OBJETIVOS ESTRATÉGICOS RELACIONADOS CON LA DEPENDENCIA
A11: Generar confianza y reconocimiento por parte de los diferentes grupos de interés para asegurar el posicionamiento de la Entidad
A13: 5. COMPROMISOS ASOCIADOS AL CUMPLIMIENTO DEL OBJETIVO INSTITUCIONAL | D13: 6. MEDICIÓN DE COMPROMISOS
D14: 6.1. INDICADOR | E14: 6.2. RESULTADO % | F14: 6.3. ANÁLISIS DE RESULTADO
A15: ESTRATEGIA | B15: ACCIONES PROGRAMADAS | C15: META 2017
A16: Implementar el programa de Gestión Documental | B16: Realizar las diferentes acciones requeridas para la organización de Archivos de Gestión | C16: Organizar los archivos de gestión en un 20% de la totalidad de series de las TRDS de la Unidad | D16: Número de series organizadas / total de series de la USPEC equivalente al 20% | E16: 1 | F16: De acuerdo al informe presentado por el grupo de gestión Documental mediante memorando No I-2019-011115 se evidencia en el cuadro Control de Series y tipologías documentales el reporte de organización de las siguientes series: Dirección General No series 5 Oficina Asesora de Planeación y Desarrollo No series 2 Grupo de Programación, análisis y seguimiento presupuestal No de series 3 Grupo de Control Interno No de Series 3 Oficina de Control Interno No de Series 3 Grupo de Evaluación y seguimiento Institucional y Atención a entes externos No de series 1 Grupo de Administración del Riesgo y Autocontrol No de series 1 Grupo de Presupuesto No de series 5 Grupo de Tesorería No de series 6 Grupo de contabilidad No de Series 7 Para un total de 36 series revisadas de 165 series identificadas en la USPEC
A17: Implementar el programa de Gestión Documental | B17: Diseñar el Programa de Gestión Documental, aprobarlo por Comité Institucional de Gestión del Desempeño y socializar a cada una de las áreas de la entidad | C17: Socializar el Programa de Gestión Documental al 100% de los funcionarios de la USPEC | D17: N°. de dependencias capacitadas/total de las dependencias de la Unidad | E17: 1 | F17: La oficina de control verificando el cumplimiento del seguimiento y control de la implementación se de las TRD, se permite remitir copia de las actas del seguimiento y traslado de gestión documental: mediante las cuales se adelantaron las siguientes actividades : TRD, se les informo y se les socializo el manejo de TRD a los funcionarios encargados de manejo de producción documental de cada área , con la finalidad de implementar y organizar documentalmente el traslado de las cajas a la nueva sede de la USPEC. Se anexan las siguientes actas de fecha 1 a 7 de diciembre: Acta No 2543 Dirección Administrativa y Financiera Acta No 2539 Dirección de Gestión Contractual Acta No 2557 Grupo de Gestión Documental Acta No 2544 Subdirección Financiera Acta No 2545 Grupo de Contabilidad Acta No 2553 Oficina de Tecnología Acta No 2540 Dirección General Acta No 2546 Grupo de Tesorería Acta No 2547 Grupo de Presupuesto Acta No 2556 Dirección de Infraestructura Acta No 2554 Dirección de logística Acta No 2555 Oficina de Control Interno Acta No 2552 Oficina de Planeación Acta No 2550 Grupo de Administración de personal
A18: Implementar el programa de Gestión Documental | B18: Crear y socializar el documento del Plan Institucional de Archivos de la Entidad -PINAR | C18: Socializar al 100% de los funcionarios de la USPEC el Plan Institucional de Archivos de la Entidad -PINAR | D18: N°. de dependencias capacitadas/total de las dependencias de la Unidad | E18: 0.5 | F18: La oficina de control verificando el cumplimiento de las acciones programadas verifico la existencia del Manual Plan Institucional de archivos PINAR , esta pendiente e aprobación y socialización a las dependencias. Se califica en 50% teniendo encuentra que se tenían propuestas dos actividades.
A19: PROMEDIO AVANCE METAS | E19: =AVERAGE(E15:E18) -> 0.83333333
A20: Calificación de la Evaluación de la Dependencia | E20: =(E19/10)*100 -> 8.3333333
A21: 7. EVALUACIÓN DE LA OFICINA DE CONTROL INTERNO A LOS COMPROMISOS DE LA DEPENDENCIA: La Oficina de Control Interno realiza la evaluación de dependencias en atención a lo dispuesto en el Artículo 39 de la Ley 909 de 2004, el Decreto 1227 de abril 21 de 2005 y la Circular 04 de septiembre 27 de 2005 del Consejo Asesor del Gobierno Nacional en Materia de Control Interno. Así mismo, corresponde a lo establecido por la Comisión Nacional del Servicios Civil en su Acuerdo 565 de 2016 mediante el cual se establece que “Dar a conocer a los responsables de la Evaluación del Desempeño, el resultado de la Evaluación de Gestión por Áreas o Dependencias (…) (Artículo 8°, Numeral 4). Para la Evaluación de Dependencias se adoptó como referente: a) La planeación institucional enmarcada en la visión, misión y objetivos del organismo; definida en la USPEC en el Plan de Acción Anual. b) Los objetivos institucionales por dependencia y sus compromisos relacionados; c) Los resultados de la ejecución por dependencias, de acuerdo con lo programado en la planeación institucional, contenidos en los informes de seguimiento de las Oficinas de Planeación. Para la puntuación del resultado de la evaluación por dependencias del que hace mención el Acuerdo 565 de 2016 de la CNSC (Artículo 17, Numeral 3) se estableció un sistema de calificación que homologa el avance porcentual en el cumplimiento de los compromisos definidos en la planeación institucional en puntos de 1 a 10, dividiendo por 10. La Oficina de Control Interno realizó la evaluación de la Oficina Asesora de Planeación teniendo en cuenta la aplicación y formulación los indicadores de gestión y resultado diseñados por las áreas para la vigencia 2017. Se debe considerar que la OCI se podrá apartar de las calificaciones o resultados consolidados por la Oficina Asesora de Planeación en su seguimiento a los planes, programas y proyectos, como consecuencia de la verificación que realiza la OCI en los seguimientos a la gestión institucional.
A22: CONCLUSIONES DE LA EVALUACIÓN: La Oficina de Control Interno realiza la evaluación de dependencias en atención a lo dispuesto en el Artículo 39 de la Ley 909 de 2004, el Decreto 1227 de abril 21 de 2005 y la Circular 04 de septiembre 27 de 2005 del Consejo Asesor del Gobierno Nacional en Materia de Control Interno. Así mismo, corresponde a lo establecido por la Comisión Nacional del Servicios Civil en su Acuerdo 565 de 2016 mediante el cual se establece que “Dar a conocer a los responsables de la Evaluación del Desempeño, el resultado de la Evaluación de Gestión por Áreas o Dependencias (…) (Artículo 8°, Numeral 4). Para la Evaluación de Dependencias se adoptó como referente: a) La planeación institucional enmarcada en la visión, misión y objetivos del organismo; definida en la USPEC en el Plan de Acción Anual. b) Los objetivos institucionales por dependencia y sus compromisos relacionados; c) Los resultados de la ejecución por dependencias, de acuerdo con lo programado en la planeación institucional, contenidos en los informes de seguimiento de las Oficinas de Planeación. Para la puntuación del resultado de la evaluación por dependencias del que hace mención el Acuerdo 565 de 2016 de la CNSC (Artículo 17, Numeral 3) se estableció un sistema de calificación que homologa el avance porcentual en el cumplimiento de los compromisos definidos en la planeación institucional en puntos de 1 a 10, dividiendo por 10. La Oficina de Control Interno realizó la evaluación de la Oficina Asesora de Planeación teniendo en cuenta la aplicación y formulación los indicadores de gestión y resultado diseñados por las áreas para la vigencia 2017. Se debe considerar que la OCI se podrá apartar de las calificaciones o resultados consolidados por la Oficina Asesora de Planeación en su seguimiento a los planes, programas y proyectos, como consecuencia de la verificación que realiza la OCI en los seguimientos a la gestión institucional.
A23: 8. RECOMENDACIONES DE MEJORAMIENTO DE LA OFICINA DE CONTROL INTERNO:
A24: Es necesario establecer los indicadores en forma cuantitativa para evaluar el cumplimiento de las metas y actividades planteadas vs las realizadas. Formular el plan anual de vacantes y plan de Previsión de Recursos Humanos de acuerdo a lo establecido en la normatividad vigente. (Ley 909 de 2004)
A25: 9. FECHA:
A26: 10. INFORME PRESENTADO POR: Oficina de Control Interno. | F26: Firma Jefe Oficina de Control Interno
F27: Formato en prueba de uso

Sheet SUBDIRADTVA ADMINISTRATIVO
B2: EVALUACIÓN DE GESTIÓN POR DEPENDENCIAS
B3: OFICINA DE CONTROL INTERNO
B4: VIGENCIA 2018
B6: 1. ENTIDAD: | F6: 2. DEPENDENCIA A EVALUAR:
B7: Unidad de Servicios Penitenciarios y Carcelarios | F7: Dirección Administrativa y Financiera (Subdirección Administrativa - Grupo Administrativo)
B8: 3. PROCESOS
B9: GESTIÓN ADMINISTRATIVA Y FINANCIERA - Subproceso de Gestión de Recursos Físicos y Suministros (Objetivo: Gestionar los recursos físicos y suministros de bienes y servicios adquiridos por la Unidad, a través del control de los mismos, la gestión de viáticos y gastos de desplazamientos y la administración de la caja menor, para brindar apoyo a las dependencias de la Unidad.)
B10: 4. OBJETIVOS ESTRATÉGICOS RELACIONADOS CON LA DEPENDENCIA
B11: Generar confianza y reconocimiento por parte de los diferentes grupos de interés para asegurar el posicionamiento de la Entidad
B12: 5. COMPROMISOS ASOCIADOS AL CUMPLIMIENTO DEL OBJETIVO INSTITUCIONAL | E12: 6. MEDICIÓN DE COMPROMISOS
E13: 6.1. INDICADOR | F13: 6.2. RESULTADO % | G13: 6.3. ANÁLISIS DE RESULTADO
B14: ESTRATEGIA | C14: ACCIONES PROGRAMADAS | D14: META 2018
B15: Implementar los controles que aseguren la confiabilidad, integridad y disponibilidad de la información institucional | C15: Realizar mesas de trabajo mensualmente con los responsables de las unidades ejecutoras e informar al Comité Directivo. | D15: Ejecutar el 100% de los procesos planeados en el Plan Anual de Adquisiciones. | E15: Número de procesos contratados / total de procesos contenidos en el PAA x 100 | F15: 87.63% | G15: Resultado esperado: El 100% del los procesos planeados sean contratados Teniendo como base la última versión del Plan Anual de Adquisiciones publicado en la página web de la Entidad con fecha 16/11/2018 (link: https://www.uspec.gov.co/?page_id=327), se encontraron doscientos ochenta y tres (283) procesos planeados por valor estimado de $ 367.347.126.802 para la vigencia 2018, frente a doscientos veintiocho (228) contratos o convenios celebrados más veinte (20) operaciones de bolsa mercantil, para un total de doscientos cuarenta y ocho (248) un presupuesto de $438.681.784.154, tomados de la información registrada en la matriz de contratación con corte a 31/12/2018. Se precisa que la numeración de contratos fue de doscientos treinta y siete (237) contratos, siendo anulados nueve (9). En este orden, se evidenció que fueron programados 283 contratos y/o convenios y/u operaciones de bolsa para la vigencia 2018, de los cuales se contrataron 228, para un porcentaje de cumplimiento del 87.63%.
B16: Implementar los controles que aseguren la confiabilidad, integridad y disponibilidad de la información institucional | C16: Desarrollar las acciones establecidas en el cronograma anual de trabajo del grupo administrativo. | D16: Ejecutar el 100% del cronograma de actividades del Grupo Administrativo. | E16: Actividades cumplidas / Total actividades programadas | F16: 0.8 | G16: Resultado: Cronograma de trabajo ejecutado al 100% Teniendo en cuenta el reporte de seguimiento al Plan de Acción realizado por la Oficina Asesora de Planeación, se encontró que para el primer trimestre no se reportó avance de la meta, en el segundo y tercer trimestre se reportó avance del 37,20%, para un total acumulado del 64,4%. No obstante al anterior resultado, no fue posible validar la cifra debido a la ausencia de información para comparar los datos reportados en el seguimiento al plan de acción. Para la verificación y evaluación de la Oficina de Control Interno recibió el cronograma de trabajo para la vigencia 2018 propuesto por el Grupo Administrativo, en el cual se plasmaron inicialmente ochenta y un (81) actividades, las cuales no venían acompañadas con la totalidad de los soportes. Posteriormente, se recibió el cronograma de trabajo ajustado con treinta y nueve (39) actividades planeadas en la vigencia 2018, de las cuales se ejecutaron treinta y cinco (35) con sus respectivos soportes y cuatro (4) no fueron ejecutadas. En éste orden de ideas, tomando como criterio la información reportada en el cronograma de trabajo inicial, el ajustado y los soportes, la meta se cumplió en un 50%.
B17: Implementar los controles que aseguren la confiabilidad, integridad y disponibilidad de la información institucional | C17: Adelantar las actividades establecidas en el Plan Institucional de Gestión Ambiental - PIGA | D17: Desarrollar el Plan Institucional de Gestión Ambiental - PIGA | E17: Actividades realizadas / total de actividades planeadas | F17: 0.3 | G17: Resultado: Plan Institucional de Gestión Ambiental - PIGA implementado No se evidenció la implementación del PIGA para la vigencia 2018, por lo tanto no fue posible evaluar las actividades programadas para la gestión ambiental. No obstante, se evidenciaron algunas acciones no planificadas. Se encontró un documento de diagnóstico ambiental de 2016, el cual es utilizado en la entidad actualmente, en el cual se incluyó el tratamiento que debe dársele a los residuos sólidos, se han realizado campañas de sensibilización del correcto uso de los servicios públicos, también se está haciendo control al consumo de papel, los recicladores debidamente vinculados al programa de reciclaje del Distrito, hacen separación de los residuos aprovechables (papel, cartón, plástico, metal, vidrio, y orgánicos) en la fuente.
B18: Implementar los controles que aseguren la confiabilidad, integridad y disponibilidad de la información institucional | C18: Adelantar las actividades establecidas en el Plan de control ambiental del sector público, para presentar a Secretaria Distrital de Ambiente | D18: Desarrollar el Plan de control ambiental del sector público | E18: Actividades realizadas / total de actividades planeadas | F18: 0.3 | G18: Resultado: Plan de control ambiental implementado No se evidenció la implementación del Plan de control ambiental para la vigencia 2018, por lo tanto no fue posible evaluar las actividades programadas para la gestión ambiental. No obstante, se evidenciaron algunas acciones no planificadas. Para febrero de 2018 hubo visita de la Secretaría Distrital de Ambiente. Se encontró un documento de diagnóstico ambiental de 2016, el cual es utilizado en la entidad actualmente, en el cual se incluyó el tratamiento que debe dársele a los residuos sólidos, se han realizado campañas de sensibilización del correcto uso de los servicios públicos, también se está haciendo control al consumo de papel, los recicladores debidamente vinculados al programa de reciclaje del Distrito, hacen separación de los residuos aprovechables (papel, cartón, plástico, metal, vidrio, y orgánicos) en la fuente, entre otros. Se evidenciaron algunos documentos metodológicos como la matriz de identificación de aspectos y valoración de impactos ambientales, donde se señala la normatividad legal vigente a la cual se tendrá que enfocar las actividades que se vayan a plantear en la siguiente vigencia.
B19: PROMEDIO AVANCE METAS | F19: =AVERAGE(F15:F18) -> 0.46666667
B20: Calificación de la Evaluación de la Dependencia | F20: =(F19/10)*100 -> 4.6666667
B21: 7. EVALUACIÓN DE LA OFICINA DE CONTROL INTERNO A LOS COMPROMISOS DE LA DEPENDENCIA: La Oficina de Control Interno realiza la evaluación de dependencias en atención a lo dispuesto en el Artículo 39 de la Ley 909 de 2004, el Decreto 1227 de abril 21 de 2005 y la Circular 04 de septiembre 27 de 2005 del Consejo Asesor del Gobierno Nacional en Materia de Control Interno. Así mismo, corresponde a lo establecido por la Comisión Nacional del Servicios Civil en su Acuerdo 565 de 2016 mediante el cual se establece que “Dar a conocer a los responsables de la Evaluación del Desempeño, el resultado de la Evaluación de Gestión por Áreas o Dependencias (…) (Artículo 8°, Numeral 4). Para la Evaluación de Dependencias se adoptó como referente: a) La planeación institucional enmarcada en la visión, misión y objetivos del organismo; definida en la USPEC en el Plan de Acción Anual. b) Los objetivos institucionales por dependencia y sus compromisos relacionados; c) Los resultados de la ejecución por dependencias, de acuerdo con lo programado en la planeación institucional, contenidos en los informes de seguimiento de las Oficinas de Planeación. Para la puntuación del resultado de la evaluación por dependencias del que hace mención el Acuerdo 565 de 2016 de la CNSC (Artículo 17, Numeral 3) se estableció un sistema de calificación que homologa el avance porcentual en el cumplimiento de los compromisos definidos en la planeación institucional en puntos de 1 a 10, dividiendo por 10.
B22: El grupo Administrativo definió tres metas, dos de las cuales están ligadas a la formulación y ejecución del PIGA, el cual no fue elaborado. La primera meta está definida como un cronograma de actividades, el cual no tuvo un seguimiento regular.
B23: 8. RECOMENDACIONES DE MEJORAMIENTO DE LA OFICINA DE CONTROL INTERNO:
B24: 1. Ejercer control periódico al seguimiento de los avances de cada meta propuesta, que permita tomar acciones oportunas para cumplir las metas de la vigencia aprobadas para el área. 2. Replantear metas medibles y alcanzables. 3. Definición de indicadores, con criterios objetivos, numéricos y/o de gestión para su medición. 4. Hacer los reportes de seguimiento a los indicadores, aunque estos reportes sean en cero. 5. Articular las metas que sean definidas en el Plan de Acción de la vigencia 2018 con las acciones de mejora establecidas en respuesta a los hallazgos identificados en los informes de la Contraloría General de la República y que fueron suscritas en el Plan de Mejoramiento Institucional.
B25: 9. FECHA: 31/01/2019
B26: 10. INFORME PRESENTADO POR: Oficina de Control Interno. | G26: JOSE JORGE ROCA MARTÍNEZ - Jefe Oficina de Control Interno
G27: Formato en prueba de uso
